 Dungeon Crawl Stone Soup version 0.31-a0-1172-g9944ec47dd (webtiles) character file.

Game seed: 17252811569632784306

1540919 MackTheKnife the Acrobat (level 24, 208/208 HPs)
             Began as a Demonspawn Enchanter on Dec 9, 2023.
             Was the Champion of Ru.
             Escaped with the Orb
             ... and 3 runes on Dec 10, 2023!
             The game lasted 02:53:22 (77994 turns).

MackTheKnife the Acrobat (Demonspawn Enchanter)    Turns: 77994, Time: 02:53:22

Health: 208/208    AC: 18    Str: 17    XL:     24   Next: 31%
Magic:  40/40      EV: 35    Int: 15    God:    Ru [******]
Gold:   1063       SH: 19    Dex: 30    Spells: 4/39 levels left

rFire   + + .        b - +9 quick blade (freeze) {short}
rCold   . . .        s - +2 kite shield {AC+3}
rNeg    + . .        v - +5 leather armour of Xofik {rElec rCorr Int+3}
rPois   +            (helmet unavailable)
rElec   +            (cloak unavailable)
rCorr   +            (gloves unavailable)
SInv    +            n - +2 pair of boots
Will    +++++        K - amulet "Qukupsed" {Contam rPois Regen+ MP+9 Dex+2}
Stlth   ++           O - ring of Fioram {rF++ Will+++ Str+6 Int-4 Stlth-}
HPRegen 1.34/turn    k - ring "Wirif" {rN+ rCorr AC+4 Dex+5}
MPRegen 0.27/turn

%: inaccuracy (-5)
@: no status effects
A: antennae 3, claws 3, demonic guardian 2, foul stench 2, low MP 1, torment
resistance 1, inability to use devices, inability to train armour, inexperienced
1, missing an eye, demonic willpower, weakness stinger 3
0: Orb of Zot
}: 3/15 runes: decaying, serpentine, silver
a: Renounce Religion, Draw Out Power, Power Leap, Apocalypse


You escaped.
You worshipped Ru.
Ru was exalted by your worship.
You visited 9 branches of the dungeon, and saw 47 of its levels.
You also visited: Ossuary, Bailey, Wizlab and Desolation.

You collected 8265 gold pieces.
You spent 7202 gold pieces at shops.


Innate Abilities, Weirdness & Mutations

You have a pair of large antennae on your head. (SInv)
You have claws for hands.
A demonic guardian rushes to your aid.
You sometimes emit foul miasma when damaged in melee.
Your magical capacity is low. (-10% MP)
You are resistant to unholy torment.
You cannot study or use magical devices.
You cannot train Armour skill.
You are somewhat inexperienced. (-1 XL)
You are missing an eye, making it more difficult to aim.
You punish those that try to bend your will. (Will+)
You have a sharp stinger which inflicts weakening toxins.


   Skills:
 - Level 21.0 Fighting
 - Level 14.0 Short Blades
 - Level 22.0 Dodging
 - Level 10.0 Stealth
 - Level 16.0 Shields
 - Level 8.0 Spellcasting
 - Level 5.0 Conjurations
 - Level 6.0 Hexes
 - Level 15.3 Summonings
 + Level 19.0 Necromancy
 - Level 8.0 Translocations
 - Level 2.0 Ice Magic
 - Level 8.0 Air Magic
 - Level 4.0 Poison Magic


You had 4 spell levels left.
You knew the following spells:

 Your Spells              Type           Power      Damage    Failure   Level
a - Summon Lightning Spi  Summ/Air       41%        N/A       1%          4
b - Confusing Touch       Hex            24%        N/A       6%          3
c - Call Canine Familiar  Summ           51%        N/A       1%          3
d - Mephitic Cloud        Conj/Pois/Air  22%        N/A       7%          3
e - Summon Forest         Summ/Tloc      20%        N/A       5%          5
f - Summon Mana Viper     Hex/Summ       38%        N/A       9%          5
g - Vhi's Electric Charg  Tloc/Air       60%        N/A       9%          4
h - Anguish               Hex/Necr       21%        N/A       1%          4
A - Animate Dead          Necr           58%        N/A       1%          4

Your spell library contained the following spells:

 Spells                   Type           Power      Damage    Failure   Level
 Necrotise                Necr           100%       1d9       0%          1
 Sublimation of Blood     Necr           58%        N/A       0%          2
 Apportation              Tloc           60%        N/A       1%          1
 Shock                    Conj/Air       100%       1d9       1%          1
 Slow                     Hex            96%        N/A       1%          1
 Summon Small Mammal      Summ           100%       N/A       1%          1
 Blink                    Tloc           60%        N/A       1%          2
 Call Imp                 Summ           100%       N/A       1%          2
 Lesser Beckoning         Tloc           60%        N/A       1%          2
 Summon Guardian Golem    Hex/Summ       38%        N/A       1%          3
 Momentum Strike          Conj/Tloc      50%        3d9       2%          2
 Static Discharge         Conj/Air       50%        3-6/arc   2%          2
 Gell's Gravitas          Tloc           30%        N/A       2%          3
 Swiftness                Air            30%        N/A       2%          3
 Magic Dart               Conj           84%        1d7       3%          1
 Poisonous Vapours        Pois/Air       48%        N/A       3%          2
 Sigil of Binding         Hex            24%        N/A       6%          3
 Tukima's Dance           Hex            24%        N/A       6%          3
 Ensorcelled Hibernation  Hex/Ice        36%        N/A       7%          2
 Summon Ice Beast         Ice/Summ       32%        N/A       7%          4
 Dazzling Flash           Conj/Hex       44%        N/A       8%          3
 Airstrike                Air            15%        2d(3-19)  9%          4
 Manifold Assault         Tloc           30%        N/A       9%          4
 Animate Armour           Summ/Erth      58%        N/A       10%         4
 Freeze                   Ice            48%        1d6       11%         1
 Sting                    Tmut/Pois      48%        1d5       11%         1
 Dimensional Bullseye     Hex/Tloc       13%        N/A       13%         4
 Hailstorm                Conj/Ice       16%        3d6       17%         3
 Inner Flame              Hex/Fire       15%        N/A       21%         3
 Cause Fear               Hex            12%        N/A       21%         4
 Frozen Ramparts          Ice            24%        1d4       30%         3
 Passwall                 Tmut/Erth      5%         N/A       34%         2
 Wereblood                Tmut           6%         N/A       34%         2
 Olgreb's Toxic Radiance  Pois           18%        N/A       41%         4
 Petrify                  Tmut/Erth      6%         N/A       93%         4
 Summon Cactus Giant      Summ           25%        N/A       7%          6
 Borgnjor's Vile Clutch   Necr/Erth      17%        N/A       13%         5
 Haunt                    Necr/Summ      27%        N/A       17%         7
 Silence                  Hex/Air        13%        N/A       36%         5
 Arcjolt                  Conj/Air       12%        1d22      41%         5
 Simulacrum               Ice/Necr       18%        N/A       43%         6
 Infestation              Necr           29%        N/A       54%         8
 Freezing Cloud           Conj/Ice/Air   10%        6-21      63%         5
 Iskenderun's Battlesphe  Conj           21%        2d7       63%         5
 Dispersal                Tloc           15%        N/A       80%         6
 Malign Gateway           Summ/Tloc      20%        N/A       86%         7
 Yara's Violent Unravell  Hex/Tmut       7%         3d5       88%         5
 Fireball                 Conj/Fire      6%         3d5       93%         5
 Summon Horrible Things   Summ           25%        N/A       96%         8
 Spellforged Servitor     Conj/Summ      18%        N/A       97%         7
 Lee's Rapid Deconstruct  Erth           3%         3d5*      100%        5
 Enfeeble                 Hex            12%        N/A       100%        7
 Orb of Destruction       Conj           10%        9d6       100%        7
 Ozocubu's Refrigeration  Ice            6%         4d8       100%        7
 Disjunction              Tloc           15%        N/A       100%        8
 Lehudib's Crystal Spear  Conj/Erth      6%         10d3      100%        8
 Maxwell's Capacitive Co  Air            15%        ∞         100%        8
 Dragon's Call            Summ           25%        N/A       100%        9
 Polar Vortex             Ice            6%         N/A       100%        9

Inventory:

Hand Weapons
 a - a +9 rapier of electrocution {short}
   (You bought it in a shop on level 2 of the Orcish Mines)
 b - a +9 quick blade of freezing (weapon) {short}
   (You acquired it on level 1 of the Swamp)
 c - the +7 captain's cutlass {speed, disarm}
   (You took it off a vault warden on level 5 of the Vaults)
Armour
 n - a +2 pair of boots (worn)
   (You bought it in a shop on level 3 of the Dungeon)
 s - a +2 kite shield of protection (worn)
   (You took it off a vault guard on level 5 of the Vaults)
 v - the +5 leather armour of Xofik (worn) {rElec rCorr Int+3}
   (You found it on level 5 of the Dungeon)

   Int+3:     It affects your intelligence (+3).
   rElec:     It insulates you from electricity.
   rCorr:     It protects you from acid and corrosion.
Jewellery
 k - the ring "Wirif" (right claw) {rN+ rCorr AC+4 Dex+5}
   (You bought it in a shop on level 2 of the Vaults)

   [ring of protection]

   AC+4:      It affects your AC (+4).
   Dex+5:     It affects your dexterity (+5).
   rN+:       It protects you from negative energy.
   rCorr:     It protects you from acid and corrosion.
 B - the ring of the Burgomaster {rElec rC- Str+6 Int+6 Dex+3}
   (You acquired it on level 8 of the Dungeon)

   [ring of strength]

   Str+6:     It affects your strength (+6).
   Int+6:     It affects your intelligence (+6).
   Dex+3:     It affects your dexterity (+3).
   rC-:       It makes you vulnerable to cold.
   rElec:     It insulates you from electricity.
 J - a ring of flight
   (You found it on level 12 of the Dungeon)
 K - the amulet "Qukupsed" (around neck) {Contam rPois Regen+ MP+9 Dex+2}
   (You found it in the Desolation of Salt)

   [amulet of regeneration]

   Dex+2:     It affects your dexterity (+2).
   rPois:     It protects you from poison MP+9: It affects your magic capacity
   (+9).
   Contam:    It causes magical contamination when unequipped.
   Regen+:    It increases your rate of health regeneration.
 M - the ring of Xutwiame {rPois MP+9 Int-2 Slay+3 Stlth+}
   (You bought it in a shop on level 2 of the Orcish Mines)

   [ring of magical power]

   Int-2:     It affects your intelligence (-2).
   Slay+3:    It affects your accuracy & damage with ranged weapons and melee
   (+3).
   rPois:     It protects you from poison MP+9: It affects your magic capacity
   (+9).
   Stlth+:    It makes you more stealthy.
 O - the ring of Fioram (left claw) {rF++ Will+++ Str+6 Int-4 Stlth-}
   (You bought it in a shop on level 2 of the Elven Halls)

   [ring of strength]

   Str+6:     It affects your strength (+6).
   Int-4:     It affects your intelligence (-4).
   rF++:      It greatly protects you from fire.
   Will+++:   It greatly increases your willpower.
   Stlth-:    It makes you less stealthy.
 Q - the ring of the Tortoise {AC+8}
   (You took it off a deep elf pyromancer on level 3 of the Elven Halls)

   [ring of protection]

   AC+8:      It affects your AC (+8).
Scrolls
 e - 5 scrolls of amnesia
 f - 10 scrolls of teleportation {@r4}
 g - 5 scrolls of fog
 h - 6 scrolls of fear
 i - 7 scrolls of identify {@r1}
 o - 5 scrolls of immolation {!r!r}
 q - 5 scrolls of poison {!r}
 r - 4 scrolls of blinking {!r}
 x - 7 scrolls of butterflies
 y - 2 scrolls of revelation
 z - 2 scrolls of silence {!r}
Potions
 d - 6 potions of cancellation
 j - 10 potions of heal wounds {@q2}
 l - 3 potions of mutation {!q}
 m - 8 potions of brilliance
 u - 2 potions of resistance
 w - a potion of might
 A - 3 potions of haste {@q3}
 C - 3 potions of enlightenment
 D - a potion of magic
 E - 4 potions of invisibility
 I - 22 potions of curing {@q1}
 N - a potion of berserk rage {!q}
Miscellaneous
 p - a phial of floods
   (You found it on level 5 of the Vaults)
 H - a phantom mirror
   (You found it on level 10 of the Dungeon)

Dungeon Overview and Level Annotations

Branches:
Dungeon (15/15)            Temple (0/1) D:7            Lair (5/5) D:9
  Swamp (4/4) Lair:3        Snake (4/4) Lair:3        Slime (0/5) Lair:4
    Orc (2/2) D:10            Elf (3/3) Orc:2        Vaults (5/5) D:14
  Crypt (0/3) Vaults:3     Depths (4/4) D:15            Zot (5/5) Depths:4
Ossuary (visited)          Bailey (visited)          WizLab (visited)
Desolation (visited)

Altars:
Ashenzari
Gozag
Kikubaaqudgha
Okawaru
Ru
Sif Muna
Trog
Vehumet
Jiyva

Shops:
D:3 [[   D:7 !   D:15 (   Orc:2 (*=(!   Elf:1 :   Elf:2 =:=   Snake:1 :
Snake:4 :   Vaults:1 (   Vaults:2 =**[(   Vaults:3 [   Vaults:4 (   Vaults:5 [!
Depths:1 *!(=   Depths:3 *

Portals:
Hell: Depths:1 Depths:2 Depths:3
Abyss: Depths:3
Pandemonium: Depths:2
Ziggurat: Depths:1
Trove: D:12 (give +4 ice dragon scales)

Annotations:
D:3 exclusion: downstairs
D:7 2 transporters, bmj180's ghost, novice HuCj
Lair:5 exclusions: 2 doors, obsidian statue and 1 more exclusion
Swamp:4 3 runed translucent doors, Gokhumny's ghost, adept GnFi
Elf:1 3 runed translucent doors, Socil's ghost, veteran DjDe
Depths:4 Josephina
Zot:2 2 transporters

##........##.#####.#...#
#.#.#... #........##.## #.....#
#.#.#### #........##..########.#
#.#'####
#........#............###.......
#........#..#.....#.............
########.#.##8###8##............
#.#..#...................
#.#..#.....#.............
#.#..#..@..#..#..........
#.#..#.....#..####.......
#.#........#..# #.######
#...##8###8##.# #.#
###.##.....#..# #.#
#...........# #.#
###########.####.# #.......#
#.############


There were no monsters in sight!


Message History

The cherub shoots an arrow.
You block the arrow. The Orb Guardian closely misses you.
You climb upwards.
Level annotation: 2 transporters, bmj180's ghost, novice HuCj
There is a stone staircase leading down here.
Unknown command.
You puncture the Orb Guardian! You freeze the Orb Guardian.
You miss the Orb Guardian. You block the Orb Guardian's attack.
You hit the Orb Guardian but do no damage.
Your tail-slap misses the Orb Guardian.
You hit the Orb Guardian but do no damage.
The Orb Guardian completely misses you.
You hit the Orb Guardian but do no damage.
You tail-slap the Orb Guardian, but do no damage.
You hit the Orb Guardian but do no damage.
You tail-slap the Orb Guardian, but do no damage.
You hit the Orb Guardian but do no damage.
You hit the Orb Guardian. You freeze the Orb Guardian.
You block the Orb Guardian's attack.
You closely miss the Orb Guardian. You puncture the Orb Guardian!
You freeze the Orb Guardian.
You tail-slap the Orb Guardian, but do no damage.
The Orb Guardian completely misses you.
You hit the Orb Guardian. You freeze the Orb Guardian.
You miss the Orb Guardian.
The Orb Guardian is stunned by your conviction and fails to attack.
You hit the Orb Guardian but do no damage.
You tail-slap the Orb Guardian.
The Orb Guardian looks weaker.
You hit the Orb Guardian but do no damage.
The Orb Guardian hits you! 😕 HP[-7]
You take 7 damage, and now have 201/208 hp.
You puncture the Orb Guardian! You freeze the Orb Guardian.
You hit the Orb Guardian but do no damage.
The Orb Guardian hits you!
You emit a cloud of foul miasma! 😕 HP[-6]
You take 6 damage, and now have 195/208 hp.
You closely miss the Orb Guardian. You miss the Orb Guardian.
You tail-slap the Orb Guardian. 😕 HP[+1]
You barely miss the Orb Guardian.
Your tail-slap misses the Orb Guardian.
You puncture the Orb Guardian! You freeze the Orb Guardian.
The Orb Guardian is engulfed in dark miasma.
The Orb Guardian is poisoned.
The Orb Guardian seems to slow down.
You block the Orb Guardian's attack. 😕 HP[+1]
You hit the Orb Guardian but do no damage.
You hit the Orb Guardian. You freeze the Orb Guardian.
The Orb Guardian is no longer moving slowly.
The Orb Guardian is engulfed in dark miasma.
The Orb Guardian looks even sicker.
You kill the Orb Guardian!
Your Necromancy skill increases to level 19! 😕 HP[+1] No target in view!
What level of the Dungeon? (default 1, ? - help)
There is a stone staircase leading up here.
You climb upwards.
There is a stone staircase leading down here.
A shadow demon comes into view. 😎 HP[+10]
Your hp is fully restored (208).
You redirect the shadow demon's attack!
The shadow demon gestures.
You feel yourself speed up.
There is a stone staircase leading up here.
You climb upwards.
There is a stone staircase leading down here.
What level of the Dungeon? (default 1, ? - help)
You sense a monster nearby.
A great orb of eyes comes into view.
There is a stone staircase leading up here.
You climb upwards.
There is a stone staircase leading down here.
You see here a +0 dagger {short}.
What level of the Dungeon? (default 1, ? - help)
Items here: ( ) [[.
There is an escape hatch in the ceiling here.
A mysterious force pulls you upwards. The hatch slams shut behind you.
Level annotation: exclusion: downstairs Your extra speed is starting to run out.
You feel yourself slow down.
There is a stone staircase leading up here.
You climb upwards.
There is a stone staircase leading down here.
Things that are here:
a +0 club {mace}; a +0 spear {polearm} You see here a +0 club {mace}.
There is a stone staircase leading up here.
You climb upwards.
There is a stone staircase leading down here.
Key pressed, stopping travel.
Unknown command.
Unknown command.
Unknown command.
Unknown command.
Unknown command.
There is an open door here.
There is a staircase leading out of the dungeon here.
You have escaped!

Skill      XL: |  1  2  3  4  5  6  7  8  9 10 11 12 13 14 15 16 17 18 19 20 21 22 23 24 |
---------------+-------------------------------------------------------------------------+-----
Fighting       | 1 2 3 4 6 7 10 11 12 13 14 15 19 20 21 | 21.0
Stealth        | 3 4 8 9 10 | 10.0
Ice Magic      | 1 2 |  2.0
Hexes          | 4 5 6 |  6.0
Short Blades   | 2 4 8 10 11 13 14 | 14.0
Summonings     | 3 8 15 | 15.3
Dodging        | 6 7 9 10 12 14 15 16 19 20 21 22 | 22.0
Spellcasting   | 3 4 6 7 8 |  8.0
Conjurations   | 3 5 |  5.0
Air Magic      | 3 4 8 |  8.0
Poison Magic   | 2 4 |  4.0
Necromancy     | 5 8 10 17 19 | 19.0
Shields        | 10 14 15 16 | 16.0
Translocations | 4 8 |  8.0

Action                     |  1- 3 |  4- 6 |  7- 9 | 10-12 | 13-15 | 16-18 | 19-21 | 22-24 || total
---------------------------+-------+-------+-------+-------+-------+-------+-------+-------++-------
  Melee: Dagger            |    49 |   157 |   478 |  1030 |   373 |       |       |       ||  2087
         Punch             |       |     3 |     5 |    18 |    16 |     4 |       |       ||    46
         Tailslap          |       |       |       |   145 |   193 |   337 |  1092 |   888 ||  2655
         Rapier            |       |       |       |       |   639 |  1727 |       |       ||  2366
         Quick blade       |       |       |       |       |       |    39 |  4708 |  3423 ||  8170
   Fire: Sling             |    51 |     6 |       |       |       |       |       |       ||    57
   Cast: Ensorcelled Hiber |    11 |    35 |    39 |       |       |       |       |       ||    85
         Confusing Touch   |       |     2 |    17 |    44 |    18 |     2 |       |       ||    83
         Call Canine Famil |       |       |    34 |    82 |    30 |       |       |       ||   146
         Summon Guardian G |       |       |    22 |    93 |    39 |       |     1 |       ||   155
         Mephitic Cloud    |       |       |       |    31 |    47 |     1 |       |     1 ||    80
         Animate Dead      |       |       |       |       |     2 |    24 |    18 |    16 ||    60
         Summon Mana Viper |       |       |       |       |       |       |       |    10 ||    10
         Vhi's Electric Ch |       |       |       |       |       |       |       |     4 ||     4
         Anguish           |       |       |       |       |       |       |       |     3 ||     3
         Summon Lightning  |       |       |       |       |       |       |       |     5 ||     5
         Summon Forest     |       |       |       |       |       |       |       |     7 ||     7
 Invoke: Reject Sacrifices |     1 |       |       |       |       |       |       |       ||     1
         Sacrifice an Eye  |       |     1 |       |       |       |       |       |       ||     1
         Sacrifice Durabil |       |       |     1 |       |       |       |       |       ||     1
         Sacrifice Experie |       |       |       |     1 |       |       |       |       ||     1
         Apocalypse        |       |       |       |     1 |     6 |     8 |    10 |     4 ||    29
         Sacrifice Artific |       |       |       |     1 |       |       |       |       ||     1
         Sacrifice Essence |       |       |       |       |     1 |       |       |       ||     1
         Draw Out Power    |       |       |       |       |     3 |     6 |    11 |     4 ||    24
         Power Leap        |       |       |       |       |       |     1 |       |       ||     1
  Evoke: Wand              |       |       |     2 |     4 |       |       |       |       ||     6
         Phantom mirror    |       |       |       |     2 |       |       |       |       ||     2
    Use: Potion            |     1 |     3 |     2 |     2 |     3 |     3 |     8 |    11 ||    33
         Scroll            |       |     9 |     9 |    11 |    14 |     9 |    16 |    16 ||    84
   Stab: Sleeping          |     7 |    25 |    33 |    10 |    16 |    31 |    36 |    12 ||   170
         Invisible         |     1 |     1 |     4 |     3 |     8 |    20 |    14 |    11 ||    62
         Confused          |       |     1 |     5 |    51 |    43 |    16 |       |       ||   116
         Distracted        |       |       |     2 |     5 |    14 |    48 |    32 |    58 ||   159
         Paralysed         |       |       |       |     4 |     5 |    16 |    15 |     8 ||    48
         Petrifying        |       |       |       |       |     2 |     7 |       |       ||     9
         Held in net/web   |       |       |       |       |       |     2 |       |       ||     2
 Armour: Robe              |    23 |    76 |       |       |       |       |       |       ||    99
         Leather armour    |       |       |   274 |   322 |   256 |   473 |   532 |   385 ||  2242
  Dodge: Dodged            |    33 |    68 |   171 |   480 |   517 |   669 |   795 |   784 ||  3517
  Block: Other             |     2 |    29 |    80 |   146 |   116 |    53 |       |       ||   426
         Reflection        |       |       |     2 |     3 |     8 |    50 |    61 |       ||   124
         Kite shield       |       |       |       |       |       |   772 |  1193 |   876 ||  2841

Levels and vault maps discovered:
D:1:      scummos_arrival_simple_crosswalls, layout_basic
D:2:      layout_rooms, ebering_ecumenical_altar_webs
D:3:      layout_rooms, mainiacjoe_overflow_24_doors, serial_shops,
          shop_fountains, shop
D:4:      nicolae_cairo_tiling_large, layout_basic, uniq_robin
D:5:      layout_rooms, minivault_1, roderic_lattice_a
D:6:      layout_loops_ring, gammafunk_temple_overflow_claw, serial_rivers,
          chequers_serial_rivers_small_b, chequers_serial_rivers_micro_a,
          chequers_serial_rivers_small_b, chequers_serial_rivers_large_a,
          nrook_mini_backslash, chequers_hall_statues_corner_a,
          lightli_minifort, uniq_duvessa
D:7:      layout_rooms, minmay_temple_entry_statues_fountains,
          nicolae_ossuary_entry_catacombs, serial_shops,
          nicolae_shop_gibbet_a_chance, gammafunk_ghost_smash
D:8:      layout_rooms, enter_bailey_3, uniq_joseph
D:9:      layout_loops_ring, nicolae_ru_the_path_less_chosen, lair_entry_dummy,
          uniq_erolcha
D:10:     layout_basic, erik_orc_1
D:11:     layout_loops_corners, uniq_grum, uniq_harold
D:12:     layout_gridville, nicolae_trove_entry_crossroad, uniq_lodul
D:13:     layout_stronghold, minivault_25
D:14:     kennysheep_green_arena, layout_basic, david_vaults_2,
          minmay_hedge_maze, minivault_16, uniq_snorg, uniq_frances, uniq_nessos
D:15:     grunt_enter_depths_giant_problem, layout_loops_corners, serial_shops,
          nicolae_shop_back_alley_shop, dk_noncrumbling_4
Lair:1:   layout_chaotic_city, basic_altar, ldierk_geyser,
          minmay_stone_trees_small, dreamdust_deal_with_the_devil,
          nicolae_quartered_pool_super, st_stairs_10, infiniplex_staircase_pool
Lair:2:   layout_layer_cave, minivault_26, lemuel_fruit_fields,
          grunt_megastairs_3
Lair:3:   layout_hall_layers, palyth_hydra_swamp_entry,
          nicolae_snake_entry_squirm
Lair:4:   layout_loops_ring, nicolae_slime_entry_field_trip
Lair:5:   due_jungle_book, layout_gridlike, nicolae_volcano_entry_batcave,
          grunt_forest_large_clearings, uniq_kirke
Swamp:1:  layout_basic_swamp, nicolae_swamp_dense_foliage
Swamp:2:  layout_falls_marsh, evilmike_swamp_ruin_house_1,
          nicolae_swamp_decorative_isthmus
Swamp:3:  cheibrodos_swamp_tower_of_moss, layout_falls_marsh,
          nicolae_swamp_fairy_circle, nicolae_swamp_treefoil,
          infiniplex_staircase_pool_2, uniq_roxanne, uniq_louise
Swamp:4:  swamp, layout_basic_swamp, gammafunk_ghost_hydra_chop,
          beargit_kiku_chapel
Snake:1:  layout_layer_cave, nicolae_shop_vocational
Snake:2:  layout_basic, hangedman_corner_corridor, nicolae_integral_box,
          uniq_jorgrun
Snake:3:  layout_layer_cave
Snake:4:  grunt_snake_rune_spirals, layout_onion, serial_shops, shop,
          fake_guardian_serpent_vault
Orc:1:    layout_diamond_mine, elf_legates
Orc:2:    grunt_orc_tribal_feast, layout_caves, serial_shops,
          nicolae_shop_advertising_works [nicolae_subvault_shop_adworks],
          uniq_urug
Elf:1:    layout_loops_corners, gammafunk_ghost_ooze,
          portal_ice_cave_entry_ice_simulacra, serial_shops, shop,
          nicolae_elf_crossing_hall
Elf:2:    nicolae_elf_blades_splatter_lattice [nicolae_blade_tridents],
          layout_onion_city, basic_altar, serial_library_hellmonk_hallway_b,
          minmay_shop_grove
Elf:3:    minmay_elf_hall, layout_gridlike
Vaults:1: nicolae_vaults_trapezoid_layered, ontoclasm_vaults_ligature,
          nicolae_vaults_minivaults, v_misc_28, nicolae_vaults_triangles,
          vaults_room_pool, nicolae_vaults_surprise_closet, vaults_room_corners,
          nicolae_vaults_yaktaur_gun_rack, nicolae_vaults_shelves_hall,
          vaults_room_fours, nicolae_vaults_tetromino_Z_1,
          layout_vaults_big_cross, serial_shops, nicolae_shop_trees
Vaults:2: nicolae_vaults_circle_grid_b, nicolae_vaults_storage_room_doors,
          nicolae_vaults_taking_the_gang_shopping, ontoclasm_vaults_twist,
          nicolae_vaults_trapezoid_lopsided_4, hangedman_vaults_slither,
          vaults_dpeg_encased_lava, hangedman_vaults_stream, v_misc_23,
          nicolae_vaults_hallways_thing, nicolae_vaults_house_1,
          ontoclasm_vaults_ring_square, layout_vaults_maze, serial_shops,
          nicolae_shop_tiny_waterfront, shop, shop, nicolae_shop_waterfront,
          uniq_mennas, uniq_donald
Vaults:3: mu_enter_wizlab_4, nicolae_vaults_doubleplus_tesselated, v_misc_23,
          minmay_crypt_entry_vampire_xt, nicolae_vaults_shelves_hall,
          nicolae_vaults_meeting, vaults_room_corners, v_pattern_5,
          ontoclasm_vaults_decontamination, ontoclasm_vaults_eye,
          nicolae_vaults_house_1, nicolae_vaults_heart-shaped_vault,
          nicolae_vaults_closet_pinwheel_6, nicolae_vaults_trapezoid_lopsided_3,
          layout_vaults_chaotic_city, serial_shops, nicolae_lakefront_shop,
          uniq_margery, uniq_bai_suzhen
Vaults:4: portal_desolation_entry_salt, nicolae_vaults_rhombus_5, v_pattern_4,
          vaults_mumra_minichess, nicolae_vaults_tangram_2,
          vaults_room_stairs_pillars, vaults_room_corners,
          nicolae_vaults_network_square, v_misc_26, vaults_room_fours,
          nicolae_vaults_tetromino_Z_2, vaults_room_door_ring,
          layout_vaults_omnibox, serial_shops, nicolae_shop_peninsula
Vaults:5
Depths:1: hourglass_vault, layout_cave_shapes, enter_ziggurat_a,
          grunt_mini_vestibule, old_standard_altar,
          chequers_serial_rivers_micro_d, minivault_11,
          nicolae_vehumet_altar_sigil, minmay_shoptagon
Depths:2: evilmike_diamond_1, layout_honeycomb, grunt_hell_entry_dis_old,
          rand_demon_pan_entry_4, kennysheep_generic_room_8
Depths:3: minmay_tri_box, layout_honeycomb, serial_shops, shop,
          nicolae_abyss_entry_one_way_or_another,
          serial_library_hellmonk_recessed_alcove, hell_entry
Depths:4: grunt_x_marks_the_spot, layout_honeycomb, pf_hell_entry_tar_river,
          minmay_misc_feat_cross, uniq_frederick, uniq_parghit, uniq_josephina,
          uniq_grunn, uniq_jory
Zot:1:    layout_basic, regret_index_zotdec_stipple_waver
Zot:2:    gammafunk_the_bubble [the_bubble_gammafunk_roulette], layout_gridlike,
          grunt_ministairs_3
Zot:3:    ebering_klown_carousel, layout_basic, st_small_dragon_hoard_2,
          drop_trap
Zot:4:    layout_concentric_octagons, grunt_megastairs_5
Zot:5:    layout_basic

Notes
Turn   | Place    | Note
-------+----------+-------------------------------------------
     0 | D:1      | MackTheKnife the Demonspawn Enchanter began the quest for
                  | the Orb.
     0 | D:1      | Reached XP level 1. HP: 13/13 MP: 3/3
     0 | D:1      | magus.rc [v1.9.6]
   255 | D:1      | Gained mutation: You may rarely emit foul miasma when
                  | damaged in melee. [demonic ancestry]
   255 | D:1      | Reached XP level 2. HP: 20/20 MP: 5/5
   613 | D:1      | Reached skill level 1 in Fighting
   616 | D:1      | Learned a level 2 spell: Ensorcelled Hibernation
   750 | D:1      | Reached skill level 3 in Stealth
   952 | D:2      | Found a faded altar of an unknown god.
   963 | D:2      | Prayed at the altar of an unknown god.
   963 | D:2      | Became a worshipper of Ru the Awakened
  1359 | D:2      | Reached XP level 3. HP: 26/26 MP: 3/6
  1432 | D:2      | Reached skill level 1 in Ice Magic
  1499 | D:3      | Found Ugys's Antique Armour Shop.
  1716 | D:2      | Reached XP level 4. HP: 31/33 MP: 4/7
  2038 | D:3      | Found Adedet's Antique Armour Shop.
  2164 | D:3      | Bought a pair of gloves for 94 gold pieces
  2451 | D:3      | Reached skill level 2 in Fighting
  2603 | D:3      | Found an opulent altar of Gozag.
  3053 | D:4      | Reached skill level 4 in Hexes
  3053 | D:4      | You feel monstrous as your demonic heritage exerts itself.
  3053 | D:4      | Discovered your monstrous ancestry.
  3053 | D:4      | Gained mutation: You have a pair of small antennae on your
                  | head. [demonic ancestry]
  3053 | D:4      | Reached XP level 5. HP: 38/38 MP: 5/8
  3082 | D:4      | magus.rc [v1.9.6]
  3125 | D:4      | Noticed an ogre
  3152 | D:3      | Learned a level 3 spell: Confusing Touch
  3348 | D:4      | Killed an ogre
  3349 | D:4      | Reached skill level 1 in Short Blades
  3349 | D:4      | Reached skill level 4 in Stealth
  3349 | D:4      | Reached skill level 2 in Ice Magic
  3710 | D:4      | You pick up a book of Callings and begin reading...
  3710 | D:4      | You add the spells Summon Small Mammal, Call Canine
                  | Familiar and Summon Guardian Golem to your library.
  3905 | D:4      | You add the spells Sting, Poisonous Vapours and Olgreb's
                  | Toxic Radiance to your library.
  4069 | D:4      | You pick up a book of Spatial Translocations and begin
                  | reading...
  4069 | D:4      | You add the spells Blink, Momentum Strike and Lesser
                  | Beckoning to your library.
  4143 | D:4      | Noticed Robin
  4157 | D:5      | Entered Level 5 of the Dungeon
  4201 | D:5      | Reached skill level 2 in Short Blades
  4201 | D:5      | Gained mutation: A weak demonic guardian rushes to your
                  | aid. [demonic ancestry]
  4201 | D:5      | Reached XP level 6. HP: 46/46 MP: 9/9
  4311 | D:5      | Reached skill level 3 in Fighting
  4316 | D:5      | HP: 11/47 [poisoned by a scorpion]
  4472 | D:5      | Noticed a water moccasin
  4585 | D:5      | Gained mutation: You are missing an eye, making it more
                  | difficult to aim. [Ru sacrifice]
  4585 | D:5      | Reached * piety under Ru
  4605 | D:5      | Reached XP level 7. HP: 39/52 MP: 1/10
  4605 | D:5      | Identified the +5 leather armour of Xofik {rElec rCorr
                  | Int+3}
  4789 | D:5      | Reached skill level 5 in Hexes
  4821 | D:5      | Reached skill level 3 in Short Blades
  4930 | D:5      | Reached skill level 4 in Fighting
  5258 | D:6      | Noticed Duvessa
  5258 | D:6      | Noticed Dowan
  5280 | D:5      | Reached skill level 4 in Short Blades
  5284 | D:5      | Learned a level 3 spell: Call Canine Familiar
  5567 | D:5      | Reached skill level 1 in Summonings
  5655 | D:6      | Reached skill level 2 in Summonings
  5827 | D:6      | Found a bloodstained altar of Trog.
  5827 | D:6      | Found an iron altar of Okawaru.
  5886 | D:6      | Reached skill level 3 in Summonings
  5997 | D:6      | Reached XP level 8. HP: 61/61 MP: 0/11
  6147 | D:6      | Reached skill level 4 in Summonings
  6385 | D:6      | Reached skill level 5 in Summonings
  6630 | D:6      | Noticed a two-headed ogre
  6634 | D:6      | magus.rc [v1.9.6]
  6841 | D:7      | Reached skill level 6 in Summonings
  6844 | D:7      | Found Likix's Distillery.
  6851 | D:7      | Bought a potion of curing for 39 gold pieces
  6851 | D:7      | Bought a potion of curing for 39 gold pieces
  6918 | D:7      | Found a transporter.
  6919 | D:7      | Noticed bmj180's ghost (novice HuCj)
  6922 | D:7      | Identified the +0 great mace "Nunetheh" {holy, Str+4}
  6922 | D:7      | Noticed a two-headed ogre
  6927 | D:7      | Found a transporter.
  6962 | D:7      | Learned a level 3 spell: Summon Guardian Golem
  6984 | D:7      | Reached skill level 7 in Summonings
  7163 | D:7      | Reached skill level 8 in Summonings
  7163 | D:7      | Gained mutation: You have sharp fingernails. [demonic
                  | ancestry]
  7163 | D:7      | Reached XP level 9. HP: 46/66 MP: 5/12
  7165 | D:7      | Found a sand-covered staircase.
  7215 | Ossuary  | Entered an ossuary
  7549 | D:7      | Reached skill level 2 in Dodging
  7642 | D:4      | Killed Robin
  7915 | D:3      | Bought a pair of boots for 94 gold pieces
  8197 | D:6      | Killed Duvessa
  8262 | D:7      | Reached skill level 5 in Fighting
  8262 | D:7      | Reached skill level 3 in Spellcasting
  8402 | D:7      | You pick up a book of Minor Magic and begin reading...
  8402 | D:7      | You add the spells Magic Dart, Call Imp and Mephitic Cloud
                  | to your library.
  8428 | D:7      | Reached skill level 3 in Dodging
  8791 | D:7      | Found a staircase to the Ecumenical Temple.
  9034 | D:8      | Found a flagged portal.
  9050 | Bailey   | Entered a bailey
  9123 | Bailey   | Noticed an orc warlord
  9156 | Bailey   | Noticed an orc knight
  9290 | Bailey   | Reached skill level 6 in Fighting
  9290 | Bailey   | Reached skill level 4 in Dodging
  9304 | Bailey   | Killed an orc knight
  9305 | Bailey   | Reached skill level 5 in Dodging
  9411 | Bailey   | Found a runed translucent gate.
  9413 | Bailey   | Found a runed translucent gate.
  9415 | Bailey   | Gained mutation: You cannot train Armour skill. [Ru
                  | sacrifice]
  9415 | Bailey   | Reached ** piety under Ru
  9416 | Bailey   | Found a runed translucent gate.
  9624 | Bailey   | Identified the +5 leather armour of Limitation {Harm rElec
                  | Int-4 Slay+5}
  9633 | D:8      | Acquired the ring of the Burgomaster {rElec rC- Str+6 Int+6
                  | Dex+3}
  9698 | D:8      | Reached skill level 6 in Dodging
  9698 | D:8      | Gained mutation: You have a pair of antennae on your head.
                  | [demonic ancestry]
  9698 | D:8      | Reached XP level 10. HP: 76/76 MP: 6/14
  9871 | D:8      | Noticed Joseph
  9891 | D:8      | Killed Joseph
  9892 | D:8      | Reached skill level 5 in Short Blades
 10049 | D:8      | Reached skill level 6 in Short Blades
 10053 | D:8      | Learned a level 3 spell: Mephitic Cloud
 10960 | D:9      | Reached skill level 7 in Short Blades
 11511 | D:10     | Entered Level 10 of the Dungeon
 11870 | D:10     | Reached skill level 8 in Short Blades
 11882 | D:10     | Reached skill level 1 in Conjurations
 11882 | D:10     | Reached skill level 1 in Air Magic
 11882 | D:10     | Reached skill level 1 in Poison Magic
 11978 | D:10     | Noticed a two-headed ogre
 11993 | D:10     | Killed a two-headed ogre
 11994 | D:10     | Reached skill level 2 in Conjurations
 11994 | D:10     | Reached skill level 2 in Air Magic
 11994 | D:10     | Reached skill level 2 in Poison Magic
 12569 | D:10     | Found a staircase to the Orcish Mines.
 12720 | D:7      | Bought a potion of mutation for 104 gold pieces
 12859 | D:9      | Noticed Erolcha
 12937 | D:10     | Noticed a cyclops
 12939 | D:10     | Killed a cyclops
 12940 | D:10     | Reached skill level 3 in Conjurations
 12940 | D:10     | Reached skill level 3 in Air Magic
 12940 | D:10     | Gained mutation: You have a small tail. [demonic ancestry]
 12940 | D:10     | Reached XP level 11. HP: 81/81 MP: 15/15
 13162 | D:10     | Reached skill level 4 in Conjurations
 13440 | D:11     | Reached skill level 4 in Air Magic
 13700 | D:11     | Noticed Grum
 13702 | D:11     | Killed Grum
 14112 | D:11     | Reached skill level 3 in Poison Magic
 14202 | D:11     | Reached skill level 5 in Conjurations
 14203 | D:11     | Reached skill level 4 in Poison Magic
 14250 | D:11     | Gained mutation: You are somewhat inexperienced. (-1 XL)
                  | [Ru sacrifice]
 14250 | D:11     | Reached XP level 10. HP: 73/76 MP: 4/15
 14250 | D:11     | Reached *** piety under Ru
 14250 | D:11     | Reached **** piety under Ru
 14506 | D:11     | Reached skill level 4 in Spellcasting
 14771 | D:11     | Noticed Harold
 14798 | D:11     | Killed Harold
 15125 | D:9      | Killed Erolcha
 15185 | D:9      | Found a staircase to the Lair.
 15209 | D:9      | Found a sacrificial altar of Ru.
 15289 | Lair:1   | Entered Level 1 of the Lair of Beasts
 15397 | Lair:1   | Noticed a death yak
 15432 | Lair:1   | Reached skill level 7 in Fighting
 15572 | Lair:1   | Killed a death yak
 15573 | Lair:1   | Reached skill level 7 in Dodging
 15872 | Lair:1   | Reached XP level 11. HP: 57/84 MP: 4/17
 15904 | Lair:1   | Reached skill level 9 in Short Blades
 16105 | Lair:1   | Found a broken altar of Ashenzari.
 16108 | Lair:1   | Identified the +2 leather armour of the Chimera {Dex+4}
 16965 | Lair:2   | Identified the +2 robe "Hoywnoin" {rElec rC+ Dex-2}
 17350 | Lair:2   | Reached skill level 8 in Fighting
 17593 | Lair:2   | Gained mutation: You cannot study or use magical devices.
                  | [Ru sacrifice]
 17593 | Lair:2   | Reached ***** piety under Ru
 18028 | Lair:2   | Noticed a four-headed hydra
 18036 | Lair:2   | Killed a four-headed hydra
 18037 | Lair:2   | Reached skill level 8 in Dodging
 18419 | Lair:3   | Noticed a six-headed hydra
 18438 | Lair:3   | Killed a six-headed hydra
 18708 | Lair:3   | Noticed an eight-headed hydra
 18719 | Lair:3   | Reached skill level 9 in Fighting
 18719 | Lair:3   | Reached skill level 10 in Short Blades
 18723 | Lair:3   | Killed an eight-headed hydra
 18999 | Lair:3   | Found a staircase to the Snake Pit.
 19147 | Lair:3   | Reached skill level 9 in Dodging
 19329 | Lair:3   | Found a staircase to the Swamp.
 19795 | Lair:4   | Noticed a six-headed hydra
 19852 | Lair:4   | Noticed a death yak
 19945 | Lair:4   | Reached skill level 10 in Fighting
 20148 | Lair:4   | Noticed a death yak
 20155 | Lair:4   | Noticed a death yak
 20160 | Lair:4   | Noticed a death yak
 20167 | Lair:4   | Killed a death yak
 20168 | Lair:4   | Gained mutation: A demonic guardian rushes to your aid.
                  | [demonic ancestry]
 20168 | Lair:4   | Reached XP level 12. HP: 91/97 MP: 8/18
 20183 | Lair:4   | Reached skill level 10 in Dodging
 20215 | Lair:4   | Reached skill level 5 in Stealth
 20581 | Lair:4   | Reached skill level 6 in Stealth
 20897 | Lair:4   | Found a viscous altar of Jiyva.
 20906 | Lair:4   | Found a staircase to the Slime Pits.
 21141 | Lair:5   | Entered Level 5 of the Lair of Beasts
 21535 | Lair:4   | Reached skill level 7 in Stealth
 21954 | Lair:5   | Reached skill level 8 in Stealth
 23056 | Lair:5   | Reached skill level 11 in Fighting
 23228 | Lair:5   | Reached skill level 11 in Short Blades
 23560 | Lair:5   | Gained mutation: You have a tail ending in a sharp stinger.
                  | [demonic ancestry]
 23560 | Lair:5   | Reached XP level 13. HP: 81/106 MP: 11/19
 23729 | Lair:5   | Noticed Kirke
 24207 | Lair:5   | Gained mutation: Your magical capacity is low. (-10% MP)
                  | [Ru sacrifice]
 24207 | Lair:5   | Reached ****** piety under Ru
 24232 | Lair:5   | Killed Kirke
 24513 | Lair:5   | Reached skill level 12 in Fighting
 24838 | Lair:5   | Reached skill level 12 in Short Blades
 25085 | Lair:5   | HP: 16/99 [necromancer/bolt of negative energy (26)]
 26225 | Orc:1    | Entered Level 1 of the Orcish Mines
 26395 | Orc:1    | Noticed an orc warlord
 26431 | Orc:1    | Killed an orc warlord
 26939 | Orc:2    | Entered Level 2 of the Orcish Mines
 26940 | Orc:2    | Found a staircase to the Elven Halls.
 26955 | Orc:2    | Found Vuirej's Antique Weapon Shop.
 27074 | Orc:2    | Reached skill level 11 in Dodging
 27249 | Orc:2    | Noticed Urug
 28130 | Orc:2    | Reached skill level 12 in Dodging
 28133 | Orc:2    | Found Mekhlamm's Distillery.
 28133 | Orc:2    | Found Anwugorio's Antique Weapon Boutique.
 28141 | Orc:2    | Found Jiobiali's Jewellery Emporium.
 28141 | Orc:2    | Found Upumnevi's Assorted Antiques.
 28213 | Orc:2    | Bought a scorched iron ring for 125 gold pieces
 28213 | Orc:2    | Identified the ring of Xutwiame {rPois MP+9 Int-2 Slay+3
                  | Stlth+} (You bought it in a shop on level 2 of the Orcish
                  | Mines)
 28215 | Orc:2    | Bought a scroll of enchant weapon for 187 gold pieces
 28215 | Orc:2    | Bought a scroll of identify for 50 gold pieces
 28223 | Orc:2    | Bought a potion of heal wounds for 70 gold pieces
 28223 | Orc:2    | Bought a potion of might for 56 gold pieces
 28265 | Orc:2    | Bought a glowing rapier for 224 gold pieces
 28381 | Orc:2    | Killed Urug
 28819 | D:12     | Found a portal to a secret trove of treasure.
 29192 | D:12     | Reached skill level 13 in Short Blades
 29192 | D:12     | Noticed Lodul
 29204 | D:12     | Killed Lodul
 29718 | D:6      | Reached XP level 14. HP: 115/115 MP: 18/18
 29824 | D:6      | Killed Dowan
 30662 | D:13     | You pick up a book of the Dragon and begin reading...
 30662 | D:13     | You add the spells Cause Fear, Fireball and Dragon's Call
                  | to your library.
 30833 | D:13     | Identified a potion of experience
 30834 | D:13     | Reached skill level 13 in Fighting
 30834 | D:13     | Gained mutation: You have a pair of large antennae on your
                  | head. (SInv) [demonic ancestry]
 30834 | D:13     | Reached XP level 15. HP: 124/124 MP: 18/18
 31391 | D:14     | Noticed Frances
 31433 | D:14     | Reached skill level 14 in Short Blades
 31449 | D:14     | Noticed Snorg
 31459 | D:14     | Killed Snorg
 31483 | D:14     | Noticed Nessos
 31618 | D:14     | Killed Nessos
 31858 | D:14     | Reached skill level 13 in Dodging
 32616 | D:14     | Killed Frances
 32979 | D:14     | You pick up a book of Death and begin reading...
 32979 | D:14     | You add the spells Animate Dead, Haunt and Infestation to
                  | your library.
 33313 | D:14     | Found a gate to the Vaults.
 33807 | D:15     | Entered Level 15 of the Dungeon
 33959 | D:15     | Found a staircase to the Depths.
 34506 | D:15     | Reached skill level 14 in Dodging
 34616 | D:15     | Reached skill level 14 in Fighting
 34621 | D:15     | Learned a level 4 spell: Animate Dead
 34764 | D:15     | Reached skill level 1 in Necromancy
 35162 | D:15     | Found Aliestum's Antique Weapon Shoppe.
 35167 | D:15     | Upgraded the game from 0.31-a0-1164-geb876a39b7 to
                  | 0.31-a0-1172-g9944ec47dd
 35167 | D:15     | magus.rc [v1.9.6]
 35446 | Snake:1  | Entered Level 1 of the Snake Pit
 35449 | Snake:1  | Reached skill level 2 in Necromancy
 35494 | Snake:1  | Reached skill level 3 in Necromancy
 35508 | Snake:1  | Reached skill level 5 in Spellcasting
 35820 | Lair:3   | Reached skill level 4 in Necromancy
 36145 | Snake:1  | Reached skill level 6 in Spellcasting
 36145 | Snake:1  | Reached skill level 5 in Necromancy
 36152 | Snake:1  | Reached XP level 16. HP: 100/133 MP: 22/22
 36286 | Snake:1  | Reached skill level 6 in Necromancy
 36331 | Snake:1  | Found Unly's Vocational Training.
 36703 | Snake:2  | Reached skill level 7 in Necromancy
 36911 | Snake:2  | Reached skill level 8 in Necromancy
 37017 | Snake:2  | Reached skill level 1 in Shields
 37134 | Snake:2  | Reached skill level 2 in Shields
 37176 | Snake:2  | Reached skill level 3 in Shields
 37206 | Snake:2  | Reached skill level 4 in Shields
 37564 | Snake:2  | Reached skill level 5 in Shields
 37576 | Snake:2  | Noticed Jorgrun
 37599 | Snake:2  | Killed Jorgrun
 37784 | Snake:2  | Reached skill level 6 in Shields
 38474 | Snake:3  | Reached skill level 7 in Shields
 38759 | Snake:3  | Reached skill level 8 in Shields
 39405 | Snake:3  | Reached skill level 9 in Shields
 39433 | Snake:3  | You pick up a book of Frost and begin reading...
 39433 | Snake:3  | You add the spells Freeze, Frozen Ramparts and Hailstorm to
                  | your library.
 39593 | Snake:3  | You pick up a book of Dangerous Friends and begin
                  | reading...
 39593 | Snake:3  | You add the spells Orb of Destruction and Spellforged
                  | Servitor to your library.
 40173 | Snake:3  | Reached skill level 10 in Shields
 40592 | Snake:4  | Entered Level 4 of the Snake Pit
 40758 | Snake:4  | You pick up a book of the Warp and begin reading...
 40758 | Snake:4  | You add the spells Manifold Assault, Dispersal and
                  | Disjunction to your library.
 41015 | Snake:4  | Gained mutation: You punish those that try to bend your
                  | will. (Will+) [demonic ancestry]
 41015 | Snake:4  | Reached XP level 17. HP: 139/139 MP: 23/23
 41356 | Snake:4  | You add the spells Vhi's Electric Charge, Arcjolt and
                  | Maxwell's Capacitive Coupling to your library.
 41431 | Snake:4  | Reached skill level 11 in Shields
 42047 | Snake:4  | Reached skill level 12 in Shields
 42199 | Snake:4  | Found Tometeom's Book Shop.
 42668 | Snake:4  | Got a serpentine rune of Zot
 42832 | Snake:4  | Reached skill level 13 in Shields
 43942 | Swamp:1  | Entered Level 1 of the Swamp
 44055 | Lair:3   | Reached skill level 14 in Shields
 44595 | Swamp:1  | Reached skill level 9 in Necromancy
 44674 | Lair:3   | magus.rc [v1.9.6]
 45144 | Swamp:1  | You pick up a book of Death and begin reading...
 45288 | Swamp:1  | Acquired a +2 quick blade of freezing
 45493 | Swamp:2  | Reached skill level 10 in Necromancy
 46215 | Swamp:3  | Noticed Roxanne
 46286 | Swamp:3  | Reached skill level 9 in Stealth
 46880 | Swamp:3  | You pick up a book of Burglary and begin reading...
 46880 | Swamp:3  | You add the spells Passwall and Swiftness to your library.
 46885 | Swamp:3  | You pick up a book of Ice and begin reading...
 46885 | Swamp:3  | You add the spells Simulacrum, Ozocubu's Refrigeration and
                  | Polar Vortex to your library.
 47145 | Swamp:3  | Noticed Louise
 47182 | Swamp:3  | Killed Louise
 47291 | Swamp:3  | Reached XP level 18. HP: 146/146 MP: 24/24
 47314 | Swamp:3  | Reached skill level 10 in Stealth
 47687 | Swamp:3  | Killed Roxanne
 47703 | Swamp:4  | Entered Level 4 of the Swamp
 47734 | Swamp:4  | HP: 27/129 [spectral fenstrider witch[a ghost crab] (14)]
 48019 | Swamp:4  | Found a runed translucent gate.
 48020 | Swamp:4  | Found a runed translucent gate.
 48020 | Swamp:4  | Found a runed translucent gate.
 48021 | Swamp:4  | Noticed Gokhumny's ghost (adept GnFi)
 48109 | Swamp:4  | Found an ancient bone altar of Kikubaaqudgha.
 48121 | Swamp:4  | Got Kikubaaqudgha's Quarto of the Mortuary
 49198 | Swamp:4  | Got a decaying rune of Zot
 49237 | Swamp:4  | You add the spells Malign Gateway and Summon Horrible
                  | Things to your library.
 50081 | Vaults:1 | Entered Level 1 of the Vaults
 50580 | Vaults:1 | Reached skill level 15 in Fighting
 50740 | Vaults:1 | Reached skill level 15 in Dodging
 50765 | Vaults:1 | Reached skill level 15 in Shields
 50857 | Vaults:1 | magus.rc [v1.9.6]
 51297 | Vaults:1 | Paralysed by a formless jellyfish for 1 turns
 51739 | Vaults:1 | Found Luthism's Weapon Boutique.
 52472 | Elf:1    | Entered Level 1 of the Elven Halls
 52526 | Elf:1    | Gained mutation: You sometimes emit foul miasma when
                  | damaged in melee. [demonic ancestry]
 52526 | Elf:1    | Reached XP level 19. HP: 141/142 MP: 25/25
 52566 | Elf:1    | Reached skill level 16 in Fighting
 52888 | Elf:1    | Found Joboumy's Book Boutique.
 52905 | Elf:1    | Reached skill level 16 in Dodging
 53018 | Elf:1    | Found a runed translucent gate.
 53018 | Elf:1    | Found a runed translucent gate.
 53018 | Elf:1    | Found a runed translucent gate.
 53021 | Elf:1    | Noticed Socil's ghost (veteran DjDe)
 53025 | Elf:1    | Found a viscous altar of Jiyva.
 53749 | Elf:2    | Identified the staff "Acarinebane" {rElec rPois Air}
 53898 | Elf:2    | Found Atwe's Jewellery Shoppe.
 53930 | Elf:2    | Identified the +6 morningstar "MackTheKnife's Death"
                  | {heavy, rC+ rCorr}
 54163 | Elf:2    | Found Atuz's Book Boutique.
 54164 | Elf:2    | Found Tooteha's Jewellery Shoppe.
 54169 | Elf:2    | Reached skill level 17 in Fighting
 54175 | Elf:2    | Bought the ring of Fioram {rF++ Will+++ Str+6 Int-4 Stlth-}
                  | for 1259 gold pieces
 54296 | Elf:2    | Found a radiant altar of Vehumet.
 54443 | Elf:2    | Found a runed translucent gate.
 54444 | Elf:2    | Found a runed translucent gate.
 54444 | Elf:2    | Found a runed translucent gate.
 55365 | Elf:2    | Reached skill level 18 in Fighting
 55979 | Elf:3    | Entered Level 3 of the Elven Halls
 56683 | Elf:3    | a deep elf pyromancer comes into view. It is wielding a +1
                  | eveningstar of flaming, wearing a +2 leather armour of cold
                  | resistance, wearing the ring of the Tortoise {AC+8} and
                  | carrying a wand of polymorph.
 56961 | Elf:3    | Reached skill level 19 in Fighting
 56980 | Elf:3    | HP: 36/154 [deep elf master archer/arrow (15)]
 57401 | Elf:3    | Identified the +0 plate armour of the Hot Ocelot {Dex+4}
 57429 | Elf:3    | Identified the +6 dire flail "Bok Ilog" {speed, rF+ rC++
                  | Str-3 Int+3}
 57476 | Elf:3    | Identified the ring "Tothrosi" {+Blink Fly SInv Stlth+}
 57597 | Elf:3    | You pick up a book of Hexes and begin reading...
 57597 | Elf:3    | You add the spells Anguish and Enfeeble to your library.
 57678 | Elf:3    | Identified the +5 long sword of Yghugh {heavy, rPois Dex+5}
 57688 | Elf:3    | Identified the +1 helmet "Pozallo" {Dex+2}
 57691 | Elf:3    | Identified the +2 mace of Watchfulness {flame, rF- MP+9
                  | Stlth+}
 57702 | Elf:3    | Identified the staff "Jiog" {rC+ rN+ Str+4 Dex-4 Ice}
 57738 | Elf:3    | You pick up a book of Storms and begin reading...
 57738 | Elf:3    | You add the spells Static Discharge, Airstrike and Summon
                  | Lightning Spire to your library.
 57740 | Elf:3    | You pick up a book of Dangerous Friends and begin
                  | reading...
 57759 | Elf:3    | You pick up a book of Air and begin reading...
 57761 | Elf:3    | You pick up a book of Misfortune and begin reading...
 57761 | Elf:3    | You add the spells Inner Flame and Yara's Violent
                  | Unravelling to your library.
 58497 | Vaults:2 | magus.rc [v1.9.6]
 58514 | Vaults:2 | Gained mutation: You have very sharp fingernails. [demonic
                  | ancestry]
 58514 | Vaults:2 | Reached XP level 20. HP: 138/176 MP: 23/26
 58598 | Vaults:2 | Found Pemynoh's Armour Shoppe.
 59012 | Vaults:2 | Noticed Mennas
 59053 | Vaults:2 | Killed Mennas
 59054 | Vaults:2 | Reached skill level 20 in Fighting
 59452 | Vaults:2 | Noticed Donald
 59467 | Vaults:2 | Killed Donald
 59637 | Vaults:2 | Found Anepro's Assorted Antiques.
 59643 | Vaults:2 | Found Peanwyedgh's Assorted Antiques.
 59645 | Vaults:2 | Bought a scroll of revelation for 150 gold pieces
 59645 | Vaults:2 | Bought a scroll of immolation for 80 gold pieces
 59652 | Vaults:2 | Bought a potion of might for 164 gold pieces
 59652 | Vaults:2 | Bought a potion of haste for 410 gold pieces
 59652 | Vaults:2 | Bought a scroll of brand weapon for 389 gold pieces
 59652 | Vaults:2 | Bought a scroll of revelation for 307 gold pieces
 59837 | Vaults:2 | Found Weboyfog's Antique Weapon Shop.
 59977 | Vaults:2 | Reached skill level 17 in Dodging
 60238 | Vaults:2 | Found Yvil Sull's Jewellery Shoppe.
 60269 | Vaults:2 | magus.rc [v1.9.6]
 60270 | Vaults:2 | Identified the +1 leather armour of Amorality {*Corrode
                  | +Blink rC++}
 60329 | Vaults:3 | Noticed Margery
 60335 | Vaults:3 | Killed Margery
 60337 | Vaults:3 | a +4 demon blade of flaming {long}; +2 shadow dragon scales
                  | {rare}
 60433 | Vaults:3 | Noticed Bai Suzhen
 60464 | Vaults:3 | Your ally Margery died
 60478 | Vaults:3 | Killed Bai Suzhen
 60493 | Vaults:3 | HP: 28/160 [war gargoyle/+0 flail[a peacekeeper] (28)]
 60641 | Vaults:3 | Found a magical portal.
 60651 | WizLab   | Entered Zonguldrok's Shrine
 60744 | WizLab   | Reached skill level 18 in Dodging
 61449 | Vaults:3 | Found Binusudo's Antique Armour Shoppe.
 61458 | Vaults:3 | Bought a twisted ring mail for 315 gold pieces
 61458 | Vaults:3 | Identified the +0 ring mail of Intuition {Dex+2} (You
                  | bought it in a shop on level 3 of the Vaults)
 61459 | Vaults:3 | Bought a faintly glowing scale mail for 315 gold pieces
 61459 | Vaults:3 | Identified the +8 scale mail of Ynyaps {Rampage Int+8
                  | Dex-4} (You bought it in a shop on level 3 of the Vaults)
 61548 | Vaults:3 | Found a staircase to the Crypt.
 62275 | Vaults:3 | Reached skill level 19 in Dodging
 62955 | Vaults:3 | Reached XP level 21. HP: 94/173 MP: 27/27
 63572 | Vaults:4 | Found a crumbling gateway.
 63588 | Desolati | Entered the Desolation of Salt
 63795 | Desolati | Identified the amulet "Qukupsed" {Contam rPois Regen+ MP+9
                  | Dex+2}
 63968 | Desolati | Reached skill level 20 in Dodging
 63972 | Desolati | Reached skill level 9 in Summonings
 64121 | Desolati | Reached skill level 10 in Summonings
 64256 | Desolati | Reached skill level 11 in Summonings
 64372 | Desolati | Identified the +7 great sword "Adey" {flame, rCorr Dex+4}
 64413 | Desolati | Reached skill level 12 in Summonings
 64517 | Desolati | You add the spells Iskenderun's Battlesphere, Silence and
                  | Lehudib's Crystal Spear to your library.
 64517 | Desolati | Got the Treatise on Destined Damage
 64518 | Desolati | Identified the +1 chain mail of Gallantry {Slay+2}
 64522 | Desolati | Identified the ring of the Tormentor {+Blink rF+ Int+2}
 64526 | Desolati | Identified the +5 flail "Oridd" {flame, Int+3 SInv}
 64858 | Vaults:4 | Identified the +3 spear "Biat" {freeze, rF+ SInv}
 64899 | Vaults:4 | Reached skill level 13 in Summonings
 65419 | Vaults:4 | Reached skill level 14 in Summonings
 65738 | Vaults:4 | Reached skill level 15 in Summonings
 65869 | Vaults:4 | Found Ykhloafir's Antique Weapon Boutique.
 66365 | Elf:1    | Bought a book of the Wilderness for 456 gold pieces
 66365 | Elf:1    | You pick up a book of the Wilderness and begin reading...
 66365 | Elf:1    | You add the spells Summon Forest, Summon Mana Viper and
                  | Summon Cactus Giant to your library.
 66370 | Elf:1    | Learned a level 4 spell: Summon Lightning Spire
 66376 | Elf:1    | Learned a level 5 spell: Summon Forest
 66700 | Depths:1 | Entered Level 1 of the Depths
 66719 | Depths:1 | You add the spells Wereblood and Borgnjor's Vile Clutch to
                  | your library.
 66719 | Depths:1 | Got the Spellbook of the Twelve Tales
 66841 | Depths:1 | Reached skill level 1 in Translocations
 66911 | Depths:1 | Reached skill level 2 in Translocations
 66971 | Depths:1 | Found a shimmering blue altar of Sif Muna.
 66993 | Depths:1 | Found a radiant altar of Vehumet.
 67000 | Depths:1 | Learned a level 5 spell: Summon Mana Viper
 67212 | Depths:1 | Found a one-way gateway to a ziggurat.
 67409 | Depths:1 | Found Kiotruh's Distillery.
 67411 | Depths:1 | Found Ycweewe's Jewellery Shop.
 67411 | Depths:1 | Found Xaseriph's Assorted Antiques.
 67416 | Depths:1 | Found Doesu's Antique Weapon Shop.
 67464 | Depths:1 | Reached skill level 3 in Translocations
 67548 | Depths:1 | You pick up a book of Cantrips and begin reading...
 67548 | Depths:1 | You add the spells Necrotise and Apportation to your
                  | library.
 67786 | Depths:1 | Found a gateway to Hell.
 67869 | Depths:1 | Noticed a juggernaut
 67883 | Depths:1 | Reached skill level 6 in Hexes
 67883 | Depths:1 | Killed a juggernaut
 67884 | Depths:1 | Reached skill level 7 in Spellcasting
 67884 | Depths:1 | Reached skill level 4 in Translocations
 68409 | Vaults:2 | Bought the ring "Wirif" {rN+ rCorr AC+4 Dex+5} for 1139
                  | gold pieces
 68803 | Depths:2 | Gained mutation: You have a sharp stinger which inflicts
                  | weakening toxins. [demonic ancestry]
 68803 | Depths:2 | Reached XP level 22. HP: 172/186 MP: 30/30
 68967 | Depths:2 | Reached skill level 8 in Spellcasting
 69075 | Depths:2 | Found a one-way gate leading to the halls of Pandemonium.
 69205 | Depths:2 | Reached skill level 5 in Translocations
 69444 | Depths:2 | Reached skill level 6 in Translocations
 69617 | Depths:2 | Identified +0 gold dragon scales
 69618 | Depths:2 | Reached skill level 7 in Translocations
 69664 | Depths:2 | Identified the +0 dagger of Brawling {holy, rC+}
 69666 | Depths:2 | +0 gold dragon scales {rare}; a golden dragon corpse
 69676 | Depths:2 | You add the spells Slow, Sigil of Binding, Dimensional
                  | Bullseye and Petrify to your library.
 69676 | Depths:2 | Got the Notes on the Unfortunate Valley
 69750 | Depths:2 | Reached skill level 5 in Air Magic
 69912 | Depths:2 | Identified +0 gold dragon scales
 70185 | Depths:2 | Reached skill level 6 in Air Magic
 70207 | Depths:2 | Learned a level 4 spell: Vhi's Electric Charge
 70207 | Depths:2 | magus.rc [v1.9.6]
 70806 | Depths:3 | Identified the +3 long sword of Qiep {drain, rN+}
 70860 | Depths:3 | Identified the ring "Deavuopa" {rN+ Will+}
 70921 | Depths:3 | Reached skill level 7 in Air Magic
 70934 | Depths:3 | +0 shadow dragon scales {rare}; a shadow dragon corpse
 71071 | Depths:3 | Found a one-way gate to the infinite horrors of the Abyss.
 71288 | Depths:3 | Reached skill level 8 in Translocations
 71295 | Depths:3 | Found Gommucru's Assorted Antiques.
 71302 | Depths:3 | Bought a faintly glowing scale mail for 279 gold pieces
 71302 | Depths:3 | Identified the +0 scale mail "Umoff" {Will+ Int+6} (You
                  | bought it in a shop on level 3 of the Depths)
 71303 | Depths:3 | Bought a potion of cancellation for 248 gold pieces
 71486 | Depths:4 | Entered Level 4 of the Depths
 71486 | Depths:4 | Identified +9 gold dragon scales
 71486 | Depths:4 | Noticed Parghit
 71487 | Depths:4 | Killed Parghit
 71489 | Depths:4 | 4 large rocks {=fthrowing}; +9 gold dragon scales {rare}
 71489 | Depths:4 | s - +9 gold dragon scales {rare}
 71577 | Depths:4 | Reached skill level 8 in Air Magic
 71688 | Depths:4 | You drop +9 gold dragon scales {rare}.
 71710 | Depths:4 | Found a gate to the Realm of Zot.
 72214 | Depths:4 | Identified +0 gold dragon scales
 72250 | Depths:4 | +0 gold dragon scales {rare}; 7 stones {throwing}; a golden
                  | dragon corpse
 72371 | Depths:4 | Identified the ring "Voifez" {Ice rCorr Str-2 Int+3}
 72371 | Depths:4 | Noticed Josephina
 72630 | Vaults:5 | Entered Level 5 of the Vaults
 72633 | Vaults:5 | Noticed an ancient lich
 72668 | Vaults:5 | Killed an ancient lich
 72669 | Vaults:5 | Reached skill level 21 in Dodging
 72682 | Vaults:5 | Learned a level 4 spell: Anguish
 72718 | Vaults:5 | Identified the +5 glaive "Cuynk" {drain, +Blink Int+4}
 72746 | Vaults:5 | Gained mutation: You have claws for hands. [demonic
                  | ancestry]
 72746 | Vaults:5 | Reached XP level 23. HP: 170/181 MP: 31/31
 73076 | Vaults:5 | Reached skill level 21 in Fighting
 73163 | Vaults:5 | a vault warden comes into view. It is wielding the +7
                  | captain's cutlass {speed, disarm}.
 73172 | Vaults:5 | Noticed a dread lich
 73186 | Vaults:5 | Killed a dread lich
 73498 | Vaults:5 | Got Amnedugg's Quotidian Arcane Knowledge
 73621 | Vaults:5 | Noticed an ancient lich
 73645 | Vaults:5 | Killed an ancient lich
 73803 | Vaults:5 | Reached skill level 11 in Necromancy
 74122 | Vaults:5 | Found Nigh's Distillery.
 74193 | Vaults:5 | Reached skill level 12 in Necromancy
 74511 | Vaults:5 | Got the Spellbook of Dynamic Haze
 74517 | Vaults:5 | Got a silver rune of Zot
 74519 | Vaults:5 | Got the Atlas of the Snow-white Congregation
 74521 | Vaults:5 | Identified the staff of Devotion {rF+ rN++ Dex+2 Fire}
 74652 | Vaults:5 | Found Kuaxiqamm's Antique Armour Boutique.
 74712 | Vaults:5 | Reached skill level 16 in Shields
 75101 | Zot:1    | Entered Level 1 of the Realm of Zot
 75543 | Vaults:5 | Bought a potion of heal wounds for 105 gold pieces
 75543 | Vaults:5 | Bought a potion of cancellation for 168 gold pieces
 75543 | Vaults:5 | Bought 2 potions of invisibility for 336 gold pieces
 75886 | Zot:2    | Reached skill level 13 in Necromancy
 75898 | Zot:3    | Noticed a dread lich
 75898 | Zot:3    | Noticed an orb of fire
 75910 | Zot:2    | Found a transporter.
 75912 | Zot:2    | Noticed an electric golem
 75915 | Zot:2    | Found a transporter.
 75942 | Zot:2    | +0 storm dragon scales {rare}; a storm dragon corpse
 75955 | Zot:3    | Noticed a Killer Klown
 75955 | Zot:3    | Noticed a Killer Klown
 75955 | Zot:3    | Noticed a Killer Klown
 75955 | Zot:3    | Noticed a Killer Klown
 75962 | Zot:3    | Killed a Killer Klown
 75968 | Zot:3    | Killed a Killer Klown
 75972 | Zot:3    | Killed a dread lich
 75975 | Zot:3    | Killed a Killer Klown
 75984 | Zot:3    | Killed an orb of fire
 75985 | Zot:3    | Reached skill level 14 in Necromancy
 75997 | Zot:3    | Killed a Killer Klown
 75998 | Zot:3    | Reached skill level 22 in Dodging
 76018 | Zot:3    | HP: 43/200 [red draconian scorcher/damnation[a white
                  | draconian stormcaller] (32)]
 76023 | Zot:3    | HP: 40/200 [red draconian scorcher/damnation[a white
                  | draconian stormcaller] (26)]
 76147 | Zot:3    | Reached skill level 15 in Necromancy
 76197 | Zot:3    | You pick up a book of Iron and begin reading...
 76197 | Zot:3    | You add the spells Animate Armour and Lee's Rapid
                  | Deconstruction to your library.
 76260 | Zot:3    | Reached skill level 16 in Necromancy
 76278 | Zot:3    | +0 storm dragon scales {rare}; a storm dragon corpse
 76425 | Zot:4    | Reached skill level 17 in Necromancy
 76425 | Zot:4    | Gained mutation: You are resistant to unholy torment.
                  | [demonic ancestry]
 76425 | Zot:4    | Reached XP level 24. HP: 121/185 MP: 0/31
 76538 | Zot:4    | +0 shadow dragon scales {rare}; a shadow dragon corpse
 76614 | Zot:5    | Entered Level 5 of the Realm of Zot
 76616 | Zot:5    | magus.rc [v1.9.6]
 76944 | Zot:5    | Reached skill level 18 in Necromancy
 77202 | Zot:5    | Noticed an electric golem
 77202 | Zot:5    | Noticed an orb of fire
 77203 | Zot:5    | Noticed a Killer Klown
 77203 | Zot:5    | Noticed a Killer Klown
 77203 | Zot:5    | Noticed a Killer Klown
 77203 | Zot:5    | Noticed a Killer Klown
 77207 | Zot:5    | Got the Orb of Zot
 77239 | Zot:4    | +0 shadow dragon scales {rare}; a shadow dragon skeleton
 77730 | D:12     | Noticed Rivusaenka the pandemonium lord
 77863 | D:7      | Reached skill level 19 in Necromancy
 77994 | D:$      | Escaped with the Orb!

Vanquished Creatures
  An orb of fire (Zot:3)
  2 dread liches
  Mennas (Vaults:2)
  2 ancient liches (Vaults:5)
  A juggernaut (Depths:1)
  Margery (Vaults:3)
  Parghit (Depths:4)
  Bai Suzhen (Vaults:3)
  4 Killer Klowns (Zot:3)
  5 golden dragons
  A profane servitor (D:13)
  3 bone dragons
  A walking earthen tome (Depths:2)
  3 titans (Vaults:5)
  9 Orb Guardians
  9 tentacled monstrosities
  Jorgrun (Snake:2)
  3 deep elf blademasters (Elf:3)
  4 liches
  3 quicksilver dragons
  5 deep elf master archers (Elf:3)
  An ancient champion (WizLab)
  Frances (D:14)
  4 sphinxes
  5 death cobs
  3 tengu reavers (Vaults:5)
  2 thorn hunters
  Roxanne (Swamp:3)
  Kirke (Lair:5)
  Donald (Vaults:2)
  10 shadow dragons
  6 storm dragons
  8 fire giants
  A fenstrider witch (Swamp:3)
  10 nagarajas
  2 frost giants
  A draconian knight (Depths:4)
  15 vault wardens
  9 deep elf sorcerers
  2 imperial myrmidons (Desolation)
  4 ghost moths
  16 ironbound preservers
  A draconian scorcher (Zot:3)
  A draconian annihilator (Depths:4)
  A draconian shifter (Zot:3)
  A draconian stormcaller (Zot:3)
  Louise (Swamp:3)
  2 spectral caustic shrikes (Depths:4)
  An orc warlord (Orc:1)
  9 very ugly things
  A formless jellyfish (Vaults:1)
  3 iron dragons
  3 deep elf elementalists
  3 war gargoyles
  A cacodemon (Depths:2)
  19 stone giants
  7 ironbound thunderhulks
  3 vampire knights
  5 green draconians
  4 deep elf demonologists
  Nessos (D:14)
  A white draconian (Depths:4)
  3 black draconians
  2 dire elephants
  A lorocyproca (D:12)
  2 halazid warlocks (Desolation)
  9 spark wasps
  2 red draconians
  3 yellow draconians (Zot:4)
  4 deep elf annihilators
  A purple draconian (Zot:4)
  2 green deaths
  2 shambling mangroves (Swamp:4)
  10 ettins
  5 fire dragons
  A crystal guardian (Vaults:2)
  5 jiangshi (WizLab)
  2 deep elf death magi (Elf:3)
  12 yaktaur captains
  2 salamander tyrants
  7 great orbs of eyes
  5 entropy weavers
  12 ragged hierophants
  3 deep elf high priests
  8 peacekeepers
  7 ice dragons
  30 vault guards
  9 servants of whispers
  6 rakshasas
  Erolcha (D:9)
  4 ghost crabs
  2 hell beasts
  8 spriggan air magi
  17 hydras
  6 alligators
  A catoblepas (Lair:5)
  7 ironbound frosthearts
  11 centaur warriors
  4 ogre magi
  6 boulder beetles
  11 two-headed ogres
  15 anacondas
  21 dancing weapons
  6 death yaks
  16 naga sharpshooters
  A titan zombie (Depths:1)
  14 naga warriors
  A tengu warrior (Depths:3)
  2 occultists
  4 deep troll earth magi
  2 vampire magi
  14 shock serpents
  3 hell knights (Vaults:3)
  18 deep elf knights
  A titan skeleton (Depths:1)
  Urug (Orc:2)
  6 iron trolls
  A skyshark (shapeshifter) (Vaults:5)
  7 spriggan berserkers
  4 orc high priests
  2 spectral death yaks (Lair:5)
  3 salamander mystics
  A goliath frog (Swamp:1)
  3 skeletal warriors
  2 flayed ghosts
  A glowing orange brain (shapeshifter) (Vaults:5)
  A storm dragon skeleton (WizLab)
  Lodul (D:12)
  A glowing orange brain (Depths:2)
  29 deep trolls
  3 bunyip zombies (Swamp:4)
  5 spriggan druids
  A quicksilver dragon simulacrum (Depths:1)
  12 naga ritualists
  8 bog bodies
  A spriggan rider (Swamp:3)
  12 lindwurms
  9 phantasmal warriors
  A spriggan simulacrum (Swamp:4)
  17 deep elf archers
  23 ironbound convokers
  13 swamp dragons
  A golden dragon skeleton (WizLab)
  13 harpies
  11 mana vipers
  5 arcanists
  31 deep elf pyromancers
  25 deep elf zephyrmancers
  11 orc knights
  A shining eye (shapeshifter) (Vaults:5)
  A shadow dragon skeleton (Depths:1)
  2 will-o-the-wisps
  3 orc sorcerers
  A frost giant zombie (Depths:1)
  6 necromancers
  8 salamanders
  26 ugly things
  10 moths of wrath
  A wolf spider (Vaults:5)
  2 manticores (D:14)
  14 guardian serpents
  6 cyclopes
  41 black mambas
  An ice statue (D:14)
  15 elephants
  21 vault sentinels
  12 cane toads
  A kobold blastminer (Orc:1)
  3 molten gargoyles (Desolation)
  A black mamba (shapeshifter) (D:14)
  15 naga magi
  A gargoyle (D:12)
  A hellion (D:13)
  2 torpor snails
  An eye of devastation (shapeshifter) (Vaults:5)
  A storm dragon simulacrum (WizLab)
  A cane toad (shapeshifter) (Elf:1)
  5 freezing wraiths (Vaults:5)
  5 rime drakes
  An unseen horror (D:9)
  21 yaktaurs
  An anaconda simulacrum (Elf:1)
  2 efreet
  7 komodo dragons
  3 tengu conjurers
  A hellwing (D:13)
  7 trolls
  A red devil (Depths:4)
  8 tyrant leeches
  A tarantella (shapeshifter) (Depths:3)
  A spectral elephant (Lair:5)
  27 blink frogs
  A stone giant simulacrum (WizLab)
  7 hornets
  66 saltlings
  An alligator simulacrum (Elf:1)
  A raiju (shapeshifter) (D:15)
  A dream sheep (shapeshifter) (Depths:3)
  11 dream sheep
  10 slime creatures
  A jumping spider (Vaults:1)
  2 spriggans (shapeshifter)
  2 air elementals
  11 spriggans
  2 dire elephant simulacra (Elf:1)
  20 yaks
  A ynoxinul (D:15)
  2 ettin skeletons (WizLab)
  4 water elementals
  A culicivora (Vaults:1)
  6 vampires
  2 wyverns (Lair:5)
  2 ushabtiu (Desolation)
  3 fire bats (Lair:5)
  4 wraiths
  4 hogs (Lair:5)
  Grum (D:11)
  3 basilisks
  A minotaur simulacrum (Elf:1)
  2 fire elementals (Elf:2)
  5 redbacks
  9 vampire mosquitoes
  A hog (shapeshifter) (Snake:3)
  A spectral cane toad (Lair:5)
  13 swamp worms
  A harpy simulacrum (Elf:1)
  A warg (Orc:1)
  A two-headed ogre zombie (WizLab)
  38 nagas
  7 water moccasins
  Duvessa (D:6)
  2 ice beasts (D:7)
  16 orc warriors
  A sky beast (D:7)
  9 swamp drakes
  3 black bears
  A hornet zombie (Swamp:4)
  22 ogres
  A tengu (Snake:1)
  A swamp dragon skeleton (WizLab)
  11 wolves
  15 centaurs
  An elf zombie (D:7)
  10 bullfrogs
  A gnoll sergeant (D:6)
  4 earth elementals
  A kobold brigand (D:6)
  2 two-headed ogre simulacra (WizLab)
  4 scorpions
  A wight (D:7)
  Dowan (D:6)
  An elephant simulacrum (Lair:5)
  4 killer bees
  A lindwurm simulacrum (Elf:1)
  2 electric eels
  A nameless horror (Depths:1)
  A howler monkey (D:5)
  3 centaur zombies (Ossuary)
  4 jellies (Lair:4)
  10 orc priests
  A hound (D:6)
  A cyclops simulacrum (WizLab)
  2 human skeletons (D:7)
  12 orc wizards
  5 iguanas
  A naga zombie (Snake:2)
  2 mummies (Ossuary)
  13 gnolls
  2 adders
  A worm (D:1)
  49 orcs
  3 ball pythons
  2 bats
  4 endoplasms
  3 giant cockroaches
  15 goblins
  9 hobgoblins
  5 jackals (D:4)
  A quokka (D:4)
  A frilled lizard (D:2)
  21 kobolds
  4 orc skeletons (D:7)
  4 rats
1682 creatures vanquished.

Vanquished Creatures (collateral kills)
  2 tentacled monstrosities
  An Orb Guardian (Zot:5)
  A quicksilver dragon (Zot:3)
  A tengu reaver (Vaults:5)
  A storm dragon (Zot:3)
  2 shadow dragons
  4 nagarajas (Snake:4)
  A frost giant (Depths:2)
  2 vault wardens
  2 ghost moths
  A juggernaut zombie (WizLab)
  An orc warlord (Vaults:2)
  4 ironbound preservers
  2 war gargoyles
  A draconian annihilator (Zot:4)
  A very ugly thing (Depths:2)
  An ironbound thunderhulk (Vaults:3)
  2 vampire knights
  3 stone giants
  A green draconian (Depths:4)
  An eleionoma (Swamp:4)
  A yellow draconian (Zot:4)
  A white draconian (Zot:2)
  A bunyip (Swamp:2)
  2 spark wasps
  Snorg (D:14)
  2 yaktaur captains (Vaults:5)
  A deep elf death mage (Elf:3)
  4 vault guards (Vaults:5)
  A peacekeeper (Vaults:1)
  3 hydras (Swamp:4)
  A fire dragon (Depths:3)
  3 ironbound frosthearts
  An alligator (Swamp:2)
  A centaur warrior (Vaults:3)
  2 anacondas
  2 naga warriors
  A deep troll earth mage (Depths:3)
  2 dancing weapons (Elf:2)
  A boulder beetle (Vaults:4)
  2 tengu warriors
  A vampire mage (Depths:2)
  3 shock serpents
  A hell knight (Vaults:3)
  2 naga sharpshooters
  A bunyip zombie (Swamp:4)
  A salamander mystic (Snake:4)
  9 deep trolls
  A spriggan druid (Swamp:4)
  3 naga ritualists (Snake:4)
  2 swamp dragons (Swamp:4)
  A bog body (Swamp:2)
  2 arcanists
  A deep elf archer (Elf:1)
  2 ironbound convokers
  A deep elf zephyrmancer (Elf:2)
  A deep elf pyromancer (Elf:1)
  4 mana vipers
  An orc knight (D:15)
  4 salamanders
  A necromancer (Vaults:3)
  A shining eye (Swamp:3)
  An ugly thing (Vaults:1)
  A will-o-the-wisp (Swamp:4)
  8 black mambas
  4 vault sentinels
  A guardian serpent (Snake:4)
  3 naga magi
  A komodo dragon (Lair:1)
  2 yaktaurs (Vaults:5)
  4 saltlings (Desolation)
  A blink frog (shapeshifter) (D:8)
  5 hornets
  4 spriggans
  A shadow (D:9)
  A vampire (Vaults:3)
  3 yaks (Lair:3)
  A basilisk (D:13)
  A spriggan zombie (Swamp:3)
  A vampire mosquito (D:11)
  A swamp worm (Swamp:3)
  4 salamander zombies (Snake:4)
  14 nagas
  A warg (D:15)
  A water moccasin (Lair:1)
  An acid dragon (Zot:3)
  3 swamp drakes (Swamp:4)
  An orc warrior (Orc:2)
  A sky beast (D:7)
  A wolf (Lair:4)
  A hornet zombie (Swamp:3)
  2 elf zombies (D:7)
  A kobold brigand (D:8)
  3 bullfrogs
  2 wights (D:8)
  A lindwurm simulacrum (Elf:1)
  2 howler monkeys
  A centaur zombie (Ossuary)
  A jelly (Lair:4)
  3 orc priests
  A sleepcap (D:7)
  A human skeleton (D:7)
  An iguana (Lair:3)
  7 orc wizards
  A naga zombie (Snake:2)
  Robin (D:4)
  A gnoll (Bailey)
  15 orcs
  3 goblins
  A hobgoblin zombie (Ossuary)
  5 kobolds
  An orc skeleton (D:7)
237 creatures vanquished.

Vanquished Creatures (others)
  A frost giant (Vaults:5)
  An orc warlord (Vaults:3)
  An imperial myrmidon (Desolation)
  2 deep elf elementalists (Elf:3)
  A Killer Klown zombie (Zot:3)
  A very ugly thing (Vaults:5)
  An eleionoma (Swamp:4)
  A deep elf annihilator (Elf:1)
  A deep elf demonologist (Elf:3)
  4 very ugly thing zombies
  A dire elephant (Lair:5)
  A ragged hierophant (Desolation)
  2 deep elf high priests
  A salamander tyrant (Snake:4)
  3 hydras
  4 vault guards
  Harold (D:11)
  A two-headed ogre (D:10)
  2 death yaks
  A deep troll earth mage (Vaults:5)
  An orc high priest (Orc:1)
  A spark wasp zombie (Depths:3)
  A golden dragon zombie (Zot:5)
  2 ghost moth zombies
  A goliath frog (Swamp:2)
  2 anaconda zombies (Snake:4)
  A bog body (Lair:3)
  A shadow dragon zombie (Vaults:5)
  An ironbound convoker (Vaults:5)
  3 deep trolls
  A tengu zombie (Vaults:5)
  A phantasmal warrior (Vaults:5)
  A deep elf archer (Elf:1)
  A harpy (Vaults:1)
  A mana viper (Snake:4)
  An alligator zombie (Swamp:2)
  A deep elf zephyrmancer (Elf:1)
  3 deep elf pyromancers (Elf:1)
  2 ugly thing zombies (Vaults:2)
  A salamander (Snake:4)
  A stone giant zombie (Vaults:5)
  3 black mambas
  An elephant (Lair:5)
  Joseph (D:8)
  2 dire elephant zombies
  5 cane toads
  A naga mage (Snake:4)
  A spriggan zombie (Depths:2)
  A shock serpent zombie (Snake:4)
  A green draconian zombie (Zot:4)
  8 yaktaur zombies
  A redback zombie (Vaults:1)
  2 red draconian zombies
  4 komodo dragons
  3 yellow draconian zombies (Zot:4)
  A rime drake (Lair:4)
  3 hydra zombies (Swamp:4)
  An iron troll zombie (Vaults:5)
  A great orb of eyes zombie (Vaults:2)
  8 mana viper zombies
  A troll (Orc:1)
  A moth of wrath zombie (Zot:3)
  4 harpy zombies
  A bloated husk (Swamp:1)
  A tyrant leech (Swamp:1)
  A polar bear (Lair:1)
  An ettin zombie (Vaults:1)
  A fire dragon zombie (Depths:3)
  2 blink frogs
  A dream sheep (Lair:5)
  A deep troll zombie (Vaults:5)
  An ice dragon zombie (Depths:4)
  A wraith (D:10)
  15 black mamba zombies
  15 yaks
  A human (Lair:5)
  A wyvern (Lair:4)
  4 vampire mosquitoes (D:10)
  4 ogre zombies (Vaults:5)
  2 spectral cane toads (Lair:5)
  2 swamp worms
  4 nagas
  A two-headed ogre zombie (Vaults:5)
  An entropy weaver zombie (Vaults:1)
  17 naga zombies
  11 orc warriors
  A black bear (Lair:5)
  3 lindwurm zombies (Vaults:3)
  A hornet zombie (Swamp:4)
  A centaur (Lair:5)
  22 elf zombies
  A wolf (Lair:4)
  3 swamp dragon zombies (Swamp:4)
  35 human zombies
  2 bullfrogs (Lair:1)
  A salamander zombie (Snake:3)
  A gnoll sergeant (D:10)
  A cane toad simulacrum (Lair:5)
  6 wights
  9 killer bees
  6 centaur zombies
  2 orc priests
  A jelly (Lair:4)
  3 orc wizards
  3 mummies (Ossuary)
  5 gnolls (D:10)
  A swamp drake zombie (Swamp:4)
  5 orc zombies (Elf:2)
  10 orcs
  2 hobgoblin zombies (Ossuary)
  6 foxfires
  A snaplasher vine (Zot:3)
334 creatures vanquished.

Grand Total: 2253 creatures vanquished

Table legend:
 A = Non-vault XP
 B = Vault XP
 C = Vault XP percentage of total XP
 D = Non-vault monster count
 E = Vault monster count
 F = Vault count percentage of total count
                 A         B        C        D         E       F
            +---------+---------+-------+---------+---------+-------
      Total |  592201 |  538507 |  47.6 |    1251 |     787 |  38.6
            +---------+---------+-------+---------+---------+-------
        D:1 |      23 |       0 |   0.0 |      10 |       0 |   0.0
        D:2 |      72 |       0 |   0.0 |      13 |       0 |   0.0
        D:3 |     155 |       0 |   0.0 |      24 |       0 |   0.0
        D:4 |     233 |      28 |  10.7 |      21 |       8 |  27.6
        D:5 |     802 |       0 |   0.0 |      19 |       0 |   0.0
        D:6 |    1619 |     375 |  18.8 |      21 |       5 |  19.2
        D:7 |    1155 |     409 |  26.2 |      15 |      11 |  42.3
        D:8 |    1510 |     468 |  23.7 |      34 |       5 |  12.8
        D:9 |    1130 |     867 |  43.4 |      19 |       1 |   5.0
       D:10 |    3835 |     537 |  12.3 |      26 |      17 |  39.5
       D:11 |    3140 |    1284 |  29.0 |      21 |       4 |  16.0
       D:12 |    4671 |    1579 |  25.3 |      13 |       8 |  38.1
       D:13 |   10037 |       0 |   0.0 |      27 |       0 |   0.0
       D:14 |    6946 |   14084 |  67.0 |      14 |      25 |  64.1
       D:15 |   12460 |    1079 |   8.0 |      27 |       1 |   3.6
     Lair:1 |    4467 |    1059 |  19.2 |      18 |       3 |  14.3
     Lair:2 |    3251 |    1689 |  34.2 |      10 |       6 |  37.5
     Lair:3 |   10812 |    1664 |  13.3 |      28 |       7 |  20.0
     Lair:4 |   16985 |     492 |   2.8 |      50 |       8 |  13.8
     Lair:5 |   15123 |   11750 |  43.7 |      50 |      32 |  39.0
    Swamp:1 |    8351 |       0 |   0.0 |      20 |       0 |   0.0
    Swamp:2 |    9482 |       0 |   0.0 |      18 |       0 |   0.0
    Swamp:3 |   10778 |    4027 |  27.2 |      26 |       3 |  10.3
    Swamp:4 |   15797 |   24995 |  61.3 |      25 |      40 |  61.5
    Snake:1 |   21909 |       0 |   0.0 |      44 |       0 |   0.0
    Snake:2 |   25563 |    6154 |  19.4 |      54 |       9 |  14.3
    Snake:3 |   31436 |       0 |   0.0 |      57 |       0 |   0.0
    Snake:4 |   28344 |   28585 |  50.2 |      58 |      36 |  38.3
      Orc:1 |     520 |    6451 |  92.5 |       5 |      17 |  77.3
      Orc:2 |    1640 |    8436 |  83.7 |      23 |      29 |  55.8
      Elf:1 |   29691 |    3096 |   9.4 |      48 |      11 |  18.6
      Elf:2 |   10546 |   24253 |  69.7 |      24 |      34 |  58.6
      Elf:3 |   15407 |   26439 |  63.2 |      28 |      22 |  44.0
   Vaults:1 |   27719 |   25343 |  47.8 |      42 |      33 |  44.0
   Vaults:2 |   30787 |   14398 |  31.9 |      47 |      15 |  24.2
   Vaults:3 |   30941 |   36499 |  54.1 |      42 |      43 |  50.6
   Vaults:4 |   12535 |   19058 |  60.3 |      21 |      24 |  53.3
   Vaults:5 |   33078 |   99386 |  75.0 |      47 |      93 |  66.4
   Depths:1 |   24858 |   17754 |  41.7 |      31 |      14 |  31.1
   Depths:2 |   22428 |   29224 |  56.6 |      24 |      28 |  53.8
   Depths:3 |   17145 |   11556 |  40.3 |      20 |       9 |  31.0
   Depths:4 |   16979 |   22666 |  57.2 |      15 |      19 |  55.9
      Zot:1 |    1040 |       0 |   0.0 |       2 |       0 |   0.0
      Zot:2 |    2982 |    2601 |  46.6 |       2 |       2 |  50.0
      Zot:3 |   18275 |   27610 |  60.2 |      16 |      12 |  42.9
      Zot:4 |   20020 |    1980 |   9.0 |      17 |       2 |  10.5
      Zot:5 |   10470 |   10096 |  49.1 |       9 |       6 |  40.0
    Ossuary |       0 |     332 | 100.0 |       0 |      13 | 100.0
     Bailey |       0 |    1116 | 100.0 |       0 |      20 | 100.0
     WizLab |   15054 |       0 |   0.0 |      26 |       0 |   0.0
 Desolation |       0 |   49088 | 100.0 |       0 |     112 | 100.0
            +---------+---------+-------+---------+---------+-------

Skill      XL: |  1  2  3  4  5  6  7  8  9 10 11 12 13 14 15 16 17 18 19 20 21 22 23 24 |
---------------+-------------------------------------------------------------------------+-----
Fighting       | 1 2 3 4 6 7 10 11 12 13 14 15 19 20 21 | 21.0
Stealth        | 3 4 8 9 10 | 10.0
Ice Magic      | 1 2 |  2.0
Hexes          | 4 5 6 |  6.0
Short Blades   | 2 4 8 10 11 13 14 | 14.0
Summonings     | 3 8 15 | 15.3
Dodging        | 6 7 9 10 12 14 15 16 19 20 21 22 | 22.0
Spellcasting   | 3 4 6 7 8 |  8.0
Conjurations   | 3 5 |  5.0
Air Magic      | 3 4 8 |  8.0
Poison Magic   | 2 4 |  4.0
Necromancy     | 5 8 10 17 19 | 19.0
Shields        | 10 14 15 16 | 16.0
Translocations | 4 8 |  8.0

Action                     |  1- 3 |  4- 6 |  7- 9 | 10-12 | 13-15 | 16-18 | 19-21 | 22-24 || total
---------------------------+-------+-------+-------+-------+-------+-------+-------+-------++-------
  Melee: Dagger            |    49 |   157 |   478 |  1030 |   373 |       |       |       ||  2087
         Punch             |       |     3 |     5 |    18 |    16 |     4 |       |       ||    46
         Tailslap          |       |       |       |   145 |   193 |   337 |  1092 |   888 ||  2655
         Rapier            |       |       |       |       |   639 |  1727 |       |       ||  2366
         Quick blade       |       |       |       |       |       |    39 |  4708 |  3423 ||  8170
   Fire: Sling             |    51 |     6 |       |       |       |       |       |       ||    57
   Cast: Ensorcelled Hiber |    11 |    35 |    39 |       |       |       |       |       ||    85
         Confusing Touch   |       |     2 |    17 |    44 |    18 |     2 |       |       ||    83
         Call Canine Famil |       |       |    34 |    82 |    30 |       |       |       ||   146
         Summon Guardian G |       |       |    22 |    93 |    39 |       |     1 |       ||   155
         Mephitic Cloud    |       |       |       |    31 |    47 |     1 |       |     1 ||    80
         Animate Dead      |       |       |       |       |     2 |    24 |    18 |    16 ||    60
         Summon Mana Viper |       |       |       |       |       |       |       |    10 ||    10
         Vhi's Electric Ch |       |       |       |       |       |       |       |     4 ||     4
         Anguish           |       |       |       |       |       |       |       |     3 ||     3
         Summon Lightning  |       |       |       |       |       |       |       |     5 ||     5
         Summon Forest     |       |       |       |       |       |       |       |     7 ||     7
 Invoke: Reject Sacrifices |     1 |       |       |       |       |       |       |       ||     1
         Sacrifice an Eye  |       |     1 |       |       |       |       |       |       ||     1
         Sacrifice Durabil |       |       |     1 |       |       |       |       |       ||     1
         Sacrifice Experie |       |       |       |     1 |       |       |       |       ||     1
         Apocalypse        |       |       |       |     1 |     6 |     8 |    10 |     4 ||    29
         Sacrifice Artific |       |       |       |     1 |       |       |       |       ||     1
         Sacrifice Essence |       |       |       |       |     1 |       |       |       ||     1
         Draw Out Power    |       |       |       |       |     3 |     6 |    11 |     4 ||    24
         Power Leap        |       |       |       |       |       |     1 |       |       ||     1
  Evoke: Wand              |       |       |     2 |     4 |       |       |       |       ||     6
         Phantom mirror    |       |       |       |     2 |       |       |       |       ||     2
    Use: Potion            |     1 |     3 |     2 |     2 |     3 |     3 |     8 |    11 ||    33
         Scroll            |       |     9 |     9 |    11 |    14 |     9 |    16 |    16 ||    84
   Stab: Sleeping          |     7 |    25 |    33 |    10 |    16 |    31 |    36 |    12 ||   170
         Invisible         |     1 |     1 |     4 |     3 |     8 |    20 |    14 |    11 ||    62
         Confused          |       |     1 |     5 |    51 |    43 |    16 |       |       ||   116
         Distracted        |       |       |     2 |     5 |    14 |    48 |    32 |    58 ||   159
         Paralysed         |       |       |       |     4 |     5 |    16 |    15 |     8 ||    48
         Petrifying        |       |       |       |       |     2 |     7 |       |       ||     9
         Held in net/web   |       |       |       |       |       |     2 |       |       ||     2
 Armour: Robe              |    23 |    76 |       |       |       |       |       |       ||    99
         Leather armour    |       |       |   274 |   322 |   256 |   473 |   532 |   385 ||  2242
  Dodge: Dodged            |    33 |    68 |   171 |   480 |   517 |   669 |   795 |   784 ||  3517
  Block: Other             |     2 |    29 |    80 |   146 |   116 |    53 |       |       ||   426
         Reflection        |       |       |     2 |     3 |     8 |    50 |    61 |       ||   124
         Kite shield       |       |       |       |       |       |   772 |  1193 |   876 ||  2841

Illustrated notes

Table legend:
 A = Kills in this place as a percentage of kills in the entire game.
 B = Kills by you in this place as a percentage of kills by you in the entire game.
 C = Kills by friends in this place as a percentage of kills by friends in the entire game.
 D = Other kills in this place as a percentage of other kills in the entire game.
 E = Experience gained in this place as a percentage of experience gained in the entire game.
 F = Experience gained in this place divided by the number of levels of this place that you have seen.
                   A       B       C       D       E      F
               +-------+-------+-------+-------+-------+----------------------
         Total | 100.0 | 100.0 | 100.0 | 100.0 | 100.0 | 22479.7
       Dungeon |  19.3 |  17.1 |  20.9 |  38.8 |   6.6 | 5014.5
          Lair |  10.3 |   9.0 |   3.9 |  32.1 |   5.9 | 13458.4
         Swamp |   6.4 |   6.2 |  10.9 |   2.4 |   6.4 | 18357.5
     Snake Pit |  12.6 |  12.1 |  22.2 |   4.2 |  12.4 | 35497.8
  Orcish Mines |   3.6 |   4.0 |   0.4 |   3.6 |   1.5 | 8523.5
   Elven Halls |   8.1 |   9.3 |   3.5 |   2.4 |   9.5 | 36477.3
        Vaults |  19.8 |  20.9 |  20.4 |   8.5 |  28.8 | 65948.8
        Depths |   8.1 |   9.0 |   7.0 |   0.6 |  14.8 | 42467.2
           Zot |   3.4 |   3.5 |   5.2 |   0.0 |   8.4 | 19370.4
       Ossuary |   0.6 |   0.3 |   0.9 |   3.6 |   0.0 | 332.0
        Bailey |   1.0 |   0.6 |   2.6 |   2.4 |   0.1 | 1116.0
        Wizlab |   1.3 |   1.5 |   0.4 |   0.0 |   1.3 | 15054.0
    Desolation |   5.5 |   6.4 |   1.7 |   1.2 |   4.3 | 49088.0
               +-------+-------+-------+-------+-------+----------------------

Table legend: (Time is in decaauts)
 A = Elapsed time spent in this place.
 B = Non-inter-level travel time spent in this place.
 C = Inter-level travel time spent in this place.
 D = Time resting spent in this place.
 E = Time spent auto-exploring this place.
 F = Levels seen in this place.
 G = Mean time per level.
                   A        B        C        D        E       F      G
               +--------+--------+--------+--------+--------+-----+--------+
         Total |  74470 |  67725 |   6745 |  17222 |  31881 |  51 | 1460.2 |
       Dungeon |  23081 |  19603 |   3478 |   4514 |   9714 |  15 | 1538.7 |
          Lair |  11165 |  10626 |    539 |   4343 |   3797 |   5 | 2233.0 |
         Swamp |   5141 |   4992 |    149 |   1649 |   2424 |   4 | 1285.2 |
     Snake Pit |   7662 |   7495 |    167 |   2559 |   3104 |   4 | 1915.5 |
  Orcish Mines |   2467 |   2216 |    251 |    470 |   1260 |   2 | 1233.5 |
   Elven Halls |   5560 |   5195 |    365 |   1114 |   2638 |   3 | 1853.3 |
        Vaults |   9960 |   8813 |   1147 |   1633 |   4527 |   5 | 1992.0 |
        Depths |   5676 |   5045 |    631 |     87 |   3616 |   4 | 1419.0 |
           Zot |   1306 |   1292 |     14 |    255 |    373 |   5 |  261.2 |
       Ossuary |    280 |    280 |      0 |     99 |     44 |   1 |  280.0 |
        Bailey |    575 |    575 |      0 |    208 |      0 |   1 |  575.0 |
        Wizlab |    556 |    556 |      0 |    254 |     81 |   1 |  556.0 |
    Desolation |   1035 |   1035 |      0 |     36 |    303 |   1 | 1035.0 |
               +--------+--------+--------+--------+--------+-----+--------+

Top non-repeatable levels by time:
  Lair:4: 3154 daAuts
 Snake:4: 2874 daAuts
Vaults:1: 2793 daAuts
  Lair:5: 2674 daAuts
Vaults:3: 2570 daAuts
  Lair:3: 2409 daAuts
    D:14: 2287 daAuts
 Snake:3: 2282 daAuts
    D:10: 2233 daAuts
   Elf:2: 2206 daAuts
    D:13: 2174 daAuts
Vaults:5: 1893 daAuts
 Swamp:3: 1881 daAuts
   Elf:3: 1868 daAuts
     D:6: 1817 daAuts
